 Dungeon Crawl Stone Soup version 0.24-a0-278-gefa197325e (webtiles) character file.

Game seed: 14980384310070563114

1557395 Flugkiller the Conqueror (level 27, 249/249 HPs)
             Began as a Merfolk Chaos Knight on Apr 29, 2019.
             Was a Favourite Plaything of Xom.
             Escaped with the Orb
             ... and 3 runes on Apr 30, 2019!
             The game lasted 02:58:50 (85098 turns).

Flugkiller the Conqueror (Merfolk Chaos Knight)    Turns: 85098, Time: 02:58:51

Health: 249/249    AC: 42    Str: 18    XL:     27
Magic:  35/35      EV: 37    Int: 15    God:    Xom [.*....]
Gold:   1977       SH:  4    Dex: 31    Spells: 9/42 levels left

rFire    + + +     SeeInvis +   b - +9 bardiche (chop)
rCold    + + +     Gourm    .   (shield currently unavailable)
rNeg     . . .     Faith    .   C - +7 swamp dragon scales
rPois    +         Spirit   .   d - +2 hat
rElec    +         Reflect  .   J - +2 cloak {MR+}
rCorr    .         Harm     .   H - +2 pair of gloves
MR       ++++.                  n - +3 pair of boots "Wainohau" {Int-2 Dex+7}
Stlth    +.........             V - amulet of Winter {rF+++ Regen+ Str+5 Int-5 Dex+4}
HPRegen  0.91/turn              z - ring "Kanateic" {rC++ Dex+3}
MPRegen  0.24/turn              Y - +5 ring of protection

@: no status effects
A: change form in water, swift swim, stealthy swim, antennae 2, claws 1, icy
blue scales 1, large bone plates 1, molten scales 1, see invisible, clever 1,
cold resistance 1, fire resistance 1, magic resistance 1, mutation resistance 2,
poison resistance, shaggy fur 1, electricity resistance
0: Orb of Zot
}: 3/15 runes: decaying, serpentine, slimy
a: Renounce Religion


You escaped.
You worshipped Xom.
You were a plaything of Xom.
You were very hungry.

You visited 10 branches of the dungeon, and saw 53 of its levels.
You visited the Abyss 2 times.
You visited 1 bazaar.
You also visited: Sewer, Ice Cave and Volcano.

You collected 6437 gold pieces.
You spent 4460 gold pieces at shops.

Inventory:

Hand Weapons
 a - a +9 antimagic bardiche
   (You took it off a vault warden on level 1 of the Vaults)
 b - a +9 bardiche of chopping (weapon)
   (You took it off an orc knight on level 2 of the Orcish Mines)
Missiles
 w - a throwing net (quivered)
Armour
 d - a +2 hat (worn)
   (You found it on level 3 of the Lair of Beasts)
 n - the +3 pair of boots "Wainohau" (worn) {Int-2 Dex+7}
   (You acquired it on level 2 of the Elven Halls)

   It affects your intelligence (-2).
   It affects your dexterity (+7).
 t - a +1 cloak of magic resistance
   (You took it off a draconian annihilator on level 1 of the Realm of Zot)
 C - +7 swamp dragon scales (worn)
   (You found it on level 3 of the Depths)
 H - a +2 pair of gloves (worn)
   (You found it on level 12 of the Dungeon)
 J - a +2 cloak of magic resistance (worn)
   (You took it off a draconian annihilator on level 3 of the Realm of Zot)
Jewellery
 v - an uncursed ring of protection from fire
   (You found it on level 7 of the Dungeon)
 z - the ring "Kanateic" (left hand) {rC++ Dex+3}
   (You took it off Jory on level 4 of the Depths)

   [ring of dexterity]

   It affects your dexterity (+3).
   It greatly protects you from cold.
 O - the ring of the Kangaroo {rElec rPois rN+ MR++ Str-2}
   (You found it on level 3 of the Depths)

   [ring of poison resistance]

   It affects your strength (-2).
   It insulates you from electricity.
   It protects you from poison.
   It protects you from negative energy.
   It affects your resistance to hostile enchantments.
 V - the amulet of Winter (around neck) {rF+++ Regen+ Str+5 Int-5 Dex+4}
   (You found it on level 3 of the Elven Halls)

   [amulet of regeneration]

   It affects your strength (+5).
   It affects your intelligence (-5).
   It affects your dexterity (+4).
   It renders you almost immune to fire.
   It increases your rate of regeneration.
 W - the amulet "Jetot" {Spirit SInv}
   (You found it on level 11 of the Dungeon)

   [amulet of guardian spirit]

   It causes incoming damage to be split between your health and magic.
   It lets you see invisible.
 X - an uncursed ring of wizardry
   (You found it on level 11 of the Dungeon)
 Y - a +5 ring of protection (right hand)
   (You found it on level 3 of the Realm of Zot)
Wands
 k - a wand of disintegration (26)
   (You took it off a spriggan on level 6 of the Lair of Beasts)
 o - a wand of scattershot (10)
   (You bought it in a shop in a bazaar)
 x - a wand of acid (26)
   (You found it on level 13 of the Dungeon)
 I - a wand of enslavement (11)
   (Xom gifted it to you on level 8 of the Dungeon)
 N - a wand of iceblast (35)
   (You found it on level 7 of the Dungeon)
 S - a wand of digging (23)
   (You found it on level 14 of the Dungeon)
 T - a wand of paralysis (49)
   (You took it off a centaur on level 9 of the Dungeon)
 U - a wand of clouds (7)
   (You found it on level 4 of the Lair of Beasts)
Scrolls
 h - 2 scrolls of blinking
 i - 2 scrolls of magic mapping
 j - a scroll of fear
 l - 17 scrolls of remove curse
 s - 3 scrolls of identify
 A - a scroll of summoning
 F - 2 scrolls of holy word
 L - 3 scrolls of vulnerability
 M - 6 scrolls of fog
 P - 2 scrolls of immolation
 Q - 11 scrolls of teleportation
Potions
 e - 7 potions of lignification
 f - 34 potions of curing
 g - 2 potions of resistance
 m - 7 potions of heal wounds
 q - 6 potions of haste
 r - 9 potions of berserk rage
 u - 8 potions of agility
 B - 2 potions of might
 D - 5 potions of ambrosia
 G - 3 potions of magic
Miscellaneous
 y - a lamp of fire
   (You found it on level 1 of the Elven Halls)
 K - 4 phantom mirrors
 Z - a lightning rod (4/4)
   (Xom gifted it to you on level 2 of the Lair of Beasts)
Comestibles
 c - 61 rations


   Skills:
 O Level 27 Fighting
 - Level 26.0 Polearms
 + Level 13.4 Armour
 O Level 27 Dodging
 - Level 8.0 Spellcasting
 - Level 15.0 Hexes
 - Level 13.0 Charms
 - Level 5.0 Summonings
 - Level 10.3 Air Magic
 - Level 15.0 Evocations


You had 9 spell levels left.
You knew the following spells:

 Your Spells              Type           Power        Failure   Level  Hunger
a - Confuse               Hex            ######..     1%          3    ##.....
b - Cause Fear            Hex            ######....   1%          4    ####...
c - Tukima's Dance        Hex            ######..     1%          3    ##.....
d - Deflect Missiles      Chrm/Air       #####.....   24%         6    #######
e - Swiftness             Chrm/Air       #####...     1%          2    None
f - Summon Lightning Spi  Summ/Air       ####....     8%          4    ####...
g - Invisibility          Hex            ######..     6%          6    #######
h - Summon Mana Viper     Hex/Summ       #####...     9%          5    #####..

Your spell library contained the following spells:

 Spells                   Type           Power        Failure   Level  Hunger
 Confusing Touch          Hex            ######       1%          1    None
 Corona                   Hex            ######.      1%          1    None
 Ensorcelled Hibernation  Hex/Ice        ####..       1%          2    None
 Slow                     Hex            ######..     1%          2    None
 Summon Guardian Golem    Hex/Summ       #####...     1%          3    ##.....
 Summon Butterflies       Summ           ###.....     2%          1    None
 Summon Small Mammal      Summ           ###.         2%          1    None
 Dazzling Spray           Conj/Hex       ####..       2%          3    ##.....
 Inner Flame              Hex/Fire       ####....     2%          3    ##.....
 Portal Projectile        Hex/Tloc       ####..       2%          3    ##.....
 Airstrike                Air            #####.....   2%          4    ####...
 Silence                  Hex/Air        #####.....   2%          5    #####..
 Call Imp                 Summ           ###.....     3%          2    None
 Poisonous Vapours        Pois/Air       ###...       3%          2    None
 Ozocubu's Armour         Chrm/Ice       ####....     3%          3    ##.....
 Call Canine Familiar     Summ           ###.....     7%          3    ##.....
 Fulminant Prism          Conj/Hex       ####......   9%          4    ####...
 Leda's Liquefaction      Hex/Erth       ####......   9%          4    ####...
 Mephitic Cloud           Conj/Pois/Air  ###.....     13%         3    ##.....
 Animate Skeleton         Necr           N/A          19%         1    None
 Apportation              Tloc           #.....       19%         1    None
 Beastly Appendage        Tmut           #.....       19%         1    None
 Flame Tongue             Conj/Fire      #....        19%         1    None
 Freeze                   Ice            #...         19%         1    None
 Magic Dart               Conj           #...         19%         1    None
 Sting                    Conj/Pois      #...         19%         1    None
 Recall                   Summ/Tloc      N/A          19%         3    ##.....
 Metabolic Englaciation   Hex/Ice        ####......   22%         5    #####..
 Yara's Violent Unravell  Hex/Tmut       ####......   22%         5    #####..
 Searing Ray              Conj           #.....       26%         2    None
 Sticks to Snakes         Tmut           #.......     26%         2    None
 Sublimation of Blood     Necr           #.........   26%         2    None
 Throw Flame              Conj/Fire      #.....       26%         2    None
 Throw Frost              Conj/Ice       #.....       26%         2    None
 Iskenderun's Battlesphe  Conj/Chrm      ####....     34%         5    #####..
 Conjure Flame            Conj/Fire      #.......     47%         3    ##.....
 Ignite Poison            Fire/Tmut/Pois #.......     47%         3    ##.....
 Spider Form              Tmut/Pois      #.........   47%         3    ##.....
 Summon Ice Beast         Ice/Summ       ##......     54%         4    ####...
 Summon Demon             Summ           ###.......   54%         5    #####..
 Animate Dead             Necr           N/A          87%         4    ####...
 Force Lance              Conj/Tloc      #.......     87%         4    ####...
 Ice Form                 Ice/Tmut       #.......     87%         4    ####...
 Iskenderun's Mystic Bla  Conj           #.......     87%         4    ####...
 Olgreb's Toxic Radiance  Pois           #.......     87%         4    ####...
 Petrify                  Tmut/Erth      #.......     87%         4    ####...
 Sticky Flame             Conj/Fire      #.......     87%         4    ####...
 Throw Icicle             Conj/Ice       #.......     87%         4    ####...
 Discord                  Hex            ######....   94%         8    #######
 Alistair's Intoxication  Tmut/Pois      #.......     99%         5    #####..
 Blade Hands              Tmut           #.........   99%         5    #####..
 Borgnjor's Vile Clutch   Necr/Erth      #.........   99%         5    #####..
 Fireball                 Conj/Fire      #.........   99%         5    #####..
 Irradiate                Conj/Tmut      #.........   99%         5    #####..
 Venom Bolt               Conj/Pois      #.........   99%         5    #####..
 Bolt of Cold             Conj/Ice       #.........   100%        6    #######
 Bolt of Fire             Conj/Fire      #.........   100%        6    #######
 Death Channel            Necr           #.........   100%        6    #######
 Freezing Cloud           Conj/Ice/Air   ###.......   100%        6    #######
 Ozocubu's Refrigeration  Ice            #.........   100%        6    #######
 Simulacrum               Ice/Necr       #.........   100%        6    #######
 Dragon Form              Tmut           #.........   100%        7    #######
 Malign Gateway           Summ/Tloc      ##........   100%        7    #######
 Monstrous Menagerie      Summ           ###.......   100%        7    #######
 Ring of Flames           Chrm/Fire      ####......   100%        7    #######
 Summon Greater Demon     Summ           ###.......   100%        7    #######
 Summon Hydra             Summ           ###.......   100%        7    #######
 Summon Horrible Things   Summ           ###.......   100%        8    #######
 Dragon's Call            Summ           ###.......   100%        9    #######


Dungeon Overview and Level Annotations

Branches:
Dungeon (15/15)            Temple (0/1) D:4            Lair (6/6) D:8
  Swamp (4/4) Lair:4        Snake (4/4) Lair:3        Slime (5/5) Lair:6
    Orc (2/2) D:9             Elf (3/3) Orc:2        Vaults (4/5) D:14
  Crypt (0/3) Vaults:2     Depths (5/5) D:15            Zot (5/5) Depths:5

Altars:
Cheibriados
Dithmenos
Gozag
Xom
Zin
Beogh
Jiyva

Shops:
D:5 (   D:9 (   D:13 !   Orc:2 }[**   Elf:1 (   Elf:2 ?   Vaults:1 =
Vaults:3 [   Vaults:4 }?[!   Depths:2 *=[:=

Portals:
Hell: Depths:1 Depths:2 Depths:3 Depths:4 Depths:5
Abyss: Depths:1 Depths:4 Depths:5
Pandemonium: Orc:2 Depths:1 Depths:3
Ziggurat: Depths:4

Annotations:
Snake:2 1 runed translucent door, exclusion: door, Rudiyha's ghost, adept MiBe
Elf:2 2 runed translucent doors
Depths:4 exclusions: eye of devastation, 2 floating eyes, shining eye and 4 more exclusions


Innate Abilities, Weirdness & Mutations

You revert to your normal form in water You are very nimble and swift while swimming.
You are very stealthy in the water. (Stealth+)
You have a pair of antennae on your head.
You have sharp fingernails.
You are partially covered in icy blue scales. (AC +2)
You are partially covered in large bone plates. (SH +4)
You are partially covered in molten scales. (AC +2)
You have supernaturally acute eyesight. (SInv)
Your mind is acute. (Int +2)
Your flesh is cold resistant. (rC+)
Your flesh is heat resistant. (rF+)
You are resistant to hostile enchantments. (MR+)
You are somewhat resistant to both further mutation and mutation removal.
Your system is resistant to poisons. (rPois)
You are covered in fur. (AC +1)
You are resistant to electric shocks. (rElec)


Message History

You climb upwards.
There is a stone staircase leading down here.
(D) Dungeon (T) Temple (L) Lair (S) Swamp (P) Snake Pit (M) Slime Pits (O) Orcish Mines (E) Elven Halls (V) Vaults (C) Crypt (U) Depths (H) Hell (Z) Zot
Where to? (Enter - D:1 @ (x,y), ? - help) HP restored.
There is a stone staircase leading up here.
You climb upwards.
There is a stone staircase leading down here.
You almost hear Xom's maniacal laughter.
You shiver with cold.
Items here: )))) [[ Unknown command.
There is a stone staircase leading up here.
You climb upwards.
There is a stone staircase leading down here.
(D) Dungeon (T) Temple (L) Lair (S) Swamp (P) Snake Pit (M) Slime Pits (O) Orcish Mines (E) Elven Halls (V) Vaults (C) Crypt (U) Depths (H) Hell (Z) Zot
Where to? (Enter - D:1 @ (x,y), ? - help)
There is a stone staircase leading up here.
You climb upwards.
There is a stone staircase leading down here.
You open the door.
There is an open door here.
You hear a grinding noise.
A sixfirhy comes into view.
Unknown command.
You hear a grinding noise.
There is a staircase leading out of the dungeon here.
Attack whom?
Press: ? - help, Dir - move target cursor, f - sixfirhy
Aim: a sixfirhy You reach to attack!
You slash the sixfirhy!
The sixfirhy is moderately wounded.
Attack whom?
Press: ? - help, Dir - move target cursor, f/p - sixfirhy
Aim: a sixfirhy (moderately wounded)
You reach to attack!
You hit the sixfirhy but do no damage.
The sixfirhy is moderately wounded.
Some rock shatters into small pieces.
A cacodemon comes into view.
Enter note: gg You are feeling very hungry.
The sixfirhy barely misses you. The sixfirhy closely misses you.
The sixfirhy completely misses you.
You have escaped!

.# #..........#...#..............
.###.#...#######.#######.........
.........# ##.......## #.........
...#.#...###.........###......##.
...#.#...##...........##......##.
...#.....#.............#......##.
...#....##.............##........
.......#.#....)........#.#.......
...#..#.........@.........#..####
#####..#.#......3......#.#...# #
# ##..##.............##..#.#### #
#...#.............#.........
######...##...........##...#..###
.........###.........###...#..###
....##...# ##.......2# #........#
....##...#######......##........#
..............#...#.........)...#


You could see a cacodemon and a sixfirhy.

Vanquished Creatures
  the Royal Jelly (Slime:5)
  4 ancient liches
  3 orbs of fire (Zot:5)
  Mara (Depths:2)
  A juggernaut (Depths:1)
  Sojobo (Vaults:2)
  5 Killer Klowns
  Saint Roka (Depths:1)
  Xtahua (Depths:4)
  3 curse toes
  Margery (Vaults:3)
  6 golden dragons
  Jory (Depths:4)
  Nikola (Swamp:4)
  A bone dragon (Depths:5)
  2 electric golems
  Rupert (D:15)
  A lich (Depths:1)
  16 tentacled monstrosities
  22 Orb Guardians (Zot:5)
  2 deep elf blademasters (Elf:3)
  17 acid blobs
  5 quicksilver dragons
  2 deep elf master archers (Elf:3)
  2 sphinxes
  4 death cobs
  2 tentacled starspawn (Abyss:5)
  14 storm dragons
  5 thorn hunters
  Kirke (D:15)
  4 tengu reavers
  A shadow dragon (Zot:5)
  Donald (Vaults:2)
  10 azure jellies
  9 nagarajas
  8 draconian knights
  16 draconian monks
  11 deep elf sorcerers
  An iron dragon (Depths:5)
  7 fire giants
  4 vault wardens
  The ghost of Vuxzinot the Severer, a journeyman DsFi of Gozag (Lair:3)
  A cacodemon (Abyss:5)
  7 draconian shifters
  3 frost giants
  4 draconian scorchers
  5 deep elf elementalists
  8 ghost moths
  8 draconian annihilators
  Aizul (Swamp:1)
  Louise (Swamp:1)
  9 draconian stormcallers
  8 ironheart preservers
  A ghoul (Vaults:4)
  A war gargoyle (Vaults:3)
  16 very ugly things
  12 stone giants
  4 deep elf demonologists
  2 spriggan defenders (Depths:2)
  6 vampire knights
  An entropy weaver (Vaults:4)
  16 spark wasps
  10 green draconians
  10 white draconians
  7 deep elf annihilators
  5 ettins
  12 purple draconians
  15 yellow draconians
  14 black draconians
  11 red draconians
  Azrael (D:12)
  9 fire dragons
  2 death oozes (Slime:5)
  3 deep elf high priests (Elf:3)
  Josephine (Swamp:1)
  16 yaktaur captains
  Snorg (D:14)
  6 deep elf death magi
  23 hydras
  5 vault guards
  11 naga warriors
  12 great orbs of eyes
  6 ice dragons
  3 spriggan air magi
  A hell beast (Depths:1)
  11 anacondas
  2 shambling mangroves (Swamp:3)
  A ghost crab (Swamp:1)
  A catoblepas (D:14)
  9 rakshasas
  14 centaur warriors
  A satyr (shapeshifter) (Swamp:3)
  13 ogre magi
  A satyr (Depths:5)
  40 dancing weapons
  16 alligators
  3 hell hogs (D:5)
  4 death knights
  11 deep troll shamans
  43 two-headed ogres
  4 vampire magi
  10 deep troll earth magi
  3 spriggan berserkers
  5 tengu warriors
  5 orc high priests (Orc:2)
  2 thrashing horrors (Abyss:5)
  10 shock serpents
  A sun demon (Orc:2)
  6 naga sharpshooters (Snake:4)
  Nergalle (Lair:2)
  11 hell knights
  18 deep elf knights
  4 iron trolls
  6 large abominations (Abyss:5)
  A sixfirhy (Depths:1)
  2 fire crabs (shapeshifter)
  7 skeletal warriors
  9 shadow wraiths
  4 salamander mystics (Snake:4)
  4 sea snakes (Snake:2)
  An unseen horror (shapeshifter) (Depths:1)
  18 deep trolls
  A spatial maelstrom (Abyss:5)
  3 unseen horrors
  2 infernal demonspawn (Orc:2)
  4 flayed ghosts
  2 gelid demonspawn
  A torturous demonspawn (Orc:2)
  3 glowing orange brains
  6 spriggan druids
  5 wizards
  9 ironbrand convokers
  15 swamp dragons
  7 naga ritualists
  12 orc knights
  An orb spider (Abyss:5)
  2 lindwurms (Snake:4)
  A harpy (shapeshifter) (D:14)
  5 phantasmal warriors (Depths:4)
  15 deep elf archers
  7 orc sorcerers
  7 cyclopes
  55 deep elf magi
  4 necromancers
  A wolf spider (Vaults:2)
  A wolf spider zombie (D:11)
  2 shining eyes
  51 ugly things
  A manticore (D:11)
  A human zombie (Vaults:3)
  9 mana vipers
  A fire giant zombie (Vaults:4)
  3 salamanders
  24 moths of wrath
  A fire giant skeleton (Vaults:3)
  3 rust devils
  A water nymph (Swamp:3)
  An apocalypse crab (Abyss:5)
  8 guardian serpents
  16 elephants
  An eye of devastation (Swamp:3)
  28 black mambas
  An ice statue (IceCv)
  28 naga magi
  A gargoyle (Volcano)
  4 torpor snails
  An orange demon (Zot:2)
  4 vault sentinels
  20 spiny frogs
  7 smoke demons
  An efreet (D:15)
  A hellion (Abyss:5)
  A rime drake (shapeshifter) (Vaults:1)
  53 yaktaurs
  A kobold demonologist (D:14)
  An ice devil (Orc:2)
  10 freezing wraiths
  2 starcursed masses (Abyss:5)
  5 komodo dragons
  A hellwing (Zot:3)
  2 rime drakes
  8 trolls
  An ancient zyme (Abyss:5)
  7 tengu conjurers
  A queen bee (shapeshifter) (D:14)
  A wind drake (shapeshifter) (Orc:2)
  A tyrant leech (shapeshifter) (Vaults:2)
  18 polar bears
  18 hornets
  93 slime creatures
  A polar bear (shapeshifter) (D:13)
  A meliai (shapeshifter) (Depths:2)
  2 saltlings (Vaults:2)
  An ettin zombie (Vaults:3)
  Grinder (D:4)
  An ice dragon zombie (Depths:1)
  7 tyrant leeches
  12 bog bodies
  A snapping turtle (Swamp:4)
  A meliai zombie (D:14)
  A dream sheep (shapeshifter) (Depths:2)
  13 raiju
  13 blink frogs
  A stone giant simulacrum (Vaults:2)
  3 dream sheep
  9 hippogriffs
  3 redbacks (Vaults:4)
  7 shadows
  An ettin skeleton (Vaults:3)
  43 spriggans
  A deep troll skeleton (Depths:1)
  7 water elementals
  An air elemental (Elf:1)
  A wyvern (shapeshifter) (Depths:3)
  A tarantella (shapeshifter) (Elf:3)
  5 vampires
  2 wyverns
  6 fire elementals
  47 yaks
  3 ynoxinuls
  18 wraiths
  A hog (shapeshifter) (Vaults:2)
  3 basilisks
  A small abomination (Abyss:5)
  29 vampire mosquitoes
  2 steam dragons
  7 golden eyes (Slime:5)
  A neqoxec (Abyss:5)
  3 hogs (D:15)
  2 hungry ghosts
  2 yaktaur simulacra
  A chaos spawn (Depths:1)
  A spatial vortex (Abyss:5)
  5 wargs
  20 swamp worms
  40 nagas
  3 acid dragons
  20 insubstantial wisps
  A soldier ant (D:11)
  12 water moccasins
  A tengu zombie (Depths:1)
  9 porcupines
  6 hell hounds
  2 ice beasts (D:9)
  18 swamp drakes
  47 orc warriors
  5 sky beasts
  6 phantoms
  6 black bears
  40 wolves
  41 ogres
  2 necrophages
  6 eyes of draining
  19 centaurs
  An elf skeleton (Vaults:3)
  12 boggarts
  16 crocodiles
  5 big kobolds
  16 bullfrogs
  A deep troll simulacrum (Vaults:4)
  A gnoll sergeant (D:7)
  5 earth elementals
  9 scorpions
  An orc simulacrum (Vaults:1)
  9 killer bees
  8 electric eels
  9 wights
  6 howler monkeys
  8 crimson imps
  3 bullfrog zombies
  2 human simulacra (Vaults:4)
  A quasit (Depths:1)
  4 jellies
  3 centaur zombies
  7 hounds
  19 orc wizards
  34 orc priests
  2 bullfrog skeletons
  3 iron imps (Depths:1)
  4 iguanas
  15 worker ants
  4 hell rats
  A bullfrog simulacrum (D:9)
  A centaur simulacrum (D:9)
  2 hound skeletons
  Robin (D:4)
  18 adders
  3 river rats (Sewer)
  2 shadow imps
  5 white imps
  3 ufetubi
  An ooze (D:1)
  2 adder zombies
  2 worms
  A dart slug (D:1)
  3 leopard geckos
  99 orcs
  8 giant cockroaches
  12 goblins
  15 hobgoblins
  7 jackals
  6 quokkas
  5 ball pythons
  4 bats
  4 frilled lizards
  2 jackal skeletons
  20 kobolds
  2 leopard gecko skeletons
  A quokka skeleton (D:5)
  25 rats
  A briar patch (Swamp:4)
  A crawling corpse (Elf:2)
  2 fire vortices
  4 starspawn tentacles (Abyss:5)
2459 creatures vanquished.

Vanquished Creatures (collateral kills)
  A curse toe (Zot:4)
  An electric golem (Zot:5)
  An Orb Guardian (Zot:5)
  A quicksilver dragon (Zot:4)
  2 shadow dragons (Zot:4)
  A draconian monk (Zot:5)
  A nagaraja (Snake:4)
  A vault warden (Vaults:3)
  A draconian shifter (Zot:1)
  A draconian knight (Zot:5)
  A deep elf sorcerer (Elf:3)
  A draconian annihilator (Zot:1)
  2 green draconians
  A deep elf annihilator (Elf:3)
  A black draconian (Zot:2)
  2 purple draconians
  A deep elf death mage (Elf:3)
  A yellow draconian (Zot:5)
  A deep elf high priest (Elf:2)
  An ice dragon (Depths:1)
  An anaconda (Snake:4)
  A dancing weapon (Elf:2)
  A deep elf knight (Elf:1)
  2 hell knights (Vaults:3)
  A skeletal warrior (D:12)
  A deep elf archer (Elf:1)
  A mana viper (Snake:4)
  5 deep elf magi
  A manticore (D:14)
  A naga mage (Snake:4)
  A vault sentinel (Vaults:3)
  A torpor snail (Lair:6)
  A freezing wraith (Vaults:3)
  A bog body (Swamp:2)
  A hornet (Depths:2)
  3 slime creatures
  2 spriggans
  A fire elemental (D:12)
  2 hell hounds (D:12)
  A swamp worm (Depths:3)
  An orc warrior (Vaults:1)
  A wolf (Lair:6)
  A crimson imp (D:14)
  An orc priest (Orc:2)
  8 orcs
64 creatures vanquished.

Vanquished Creatures (others)
  An Orb Guardian (Zot:5)
  A draconian knight (Zot:5)
  A draconian stormcaller (Zot:1)
  A white draconian (Zot:5)
  A red draconian (Zot:3)
  A purple draconian (Zot:5)
  A yaktaur captain (Depths:4)
  8 dancing weapons
  A deep troll earth mage (Depths:3)
  An ogre mage (Depths:1)
  A shock serpent (Snake:4)
  A deep troll (Depths:4)
  A swamp dragon (Swamp:4)
  2 lindwurms (Snake:4)
  A deep elf mage (Elf:2)
  An elephant (Lair:4)
  2 yaktaurs
  A yak (Lair:3)
  2 golden eyes (Abyss:5)
  A neqoxec (Abyss:5)
  An insubstantial wisp (Swamp:1)
  A swamp drake (Swamp:4)
  A swamp drake (shapeshifter) (Depths:1)
  An ogre (Vaults:2)
  A small abomination (Depths:5)
  A water moccasin skeleton (D:7)
  An orc wizard (Depths:1)
  A hound skeleton (D:6)
  A shadow imp (D:6)
  A quokka (D:7)
  6 briar patches (Swamp:4)
  89 bushes (Depths:2)
  A crawling corpse (Elf:2)
  17 fungi
  17 plants
  7 starspawn tentacles (Abyss:5)
177 creatures vanquished.

Grand Total: 2700 creatures vanquished

Notes
Turn   | Place    | Note
-------+----------+-------------------------------------------
     0 | D:1      | Flugkiller the Merfolk Chaos Knight began the quest for the
                  | Orb.
     0 | D:1      | Reached XP level 1. HP: 18/18 MP: 1/1
   122 | D:1      | XOM: silly message
   154 | D:1      | XOM: silly message
   157 | D:1      | XOM: harmless Ice miscast
   347 | D:1      | XOM: harmless Ice miscast
   506 | D:1      | Reached XP level 2. HP: 24/24 MP: 2/2
  1052 | D:2      | Reached skill level 5 in Polearms
  1059 | D:2      | Reached XP level 3. HP: 27/30 MP: 3/3
  1111 | D:2      | XOM: scenery: create altars
  1241 | D:2      | Found a shadowy altar of Dithmenos.
  1498 | D:2      | Reached XP level 4. HP: 24/37 MP: 4/4
  1899 | D:3      | Reached XP level 5. HP: 38/43 MP: 5/5
  1911 | D:3      | Noticed a phantom
  1939 | D:3      | Killed a phantom
  1997 | D:3      | Reached skill level 5 in Dodging
  2201 | D:3      | XOM: swap monsters
  2211 | D:3      | Reached XP level 6. HP: 35/50 MP: 6/6
  2616 | D:4      | XOM: cleaving
  2627 | D:4      | Reached skill level 5 in Fighting
  2635 | D:4      | Found a shimmering altar of Xom.
  2747 | D:4      | Noticed Robin
  2757 | D:4      | Killed Robin
  2804 | D:4      | Found a glowing drain.
  2808 | D:4      | XOM: 2-stop teleportation journey
  2812 | D:4      | Reached XP level 7. HP: 56/56 MP: 7/7
  2853 | Sewer    | Entered a sewer
  3201 | Sewer    | XOM: noise
  3437 | D:4      | Noticed Grinder
  3447 | D:4      | XOM: harmless Necr miscast
  3653 | D:4      | XOM: mild Necr miscast
  3662 | D:4      | Paralysed by Grinder for 2 turns
  3667 | D:4      | XOM: give mutations
  3667 | D:4      | Gained mutation: Armour fits poorly on your strangely
                  | shaped body. [Xom's mischief]
  3667 | D:4      | Gained mutation: You possess an exceptional clarity of
                  | mind. [Xom's mischief]
  3668 | D:4      | XOM: chaos cloud
  3709 | D:4      | XOM: smoke on damage
  3715 | D:4      | Killed Grinder
  3955 | D:4      | XOM: mild Tmut miscast
  4088 | D:4      | Found a staircase to the Ecumenical Temple.
  4147 | D:4      | XOM: swap monsters
  4162 | D:4      | Reached XP level 8. HP: 60/65 MP: 8/8
  4231 | D:5      | Entered Level 5 of the Dungeon
  4626 | D:5      | Found Tagh's Antique Weapon Shop.
  4652 | D:5      | Got a creamy pearl robe
  4725 | D:5      | XOM: medium Summ miscast
  4745 | D:5      | XOM: give mutations
  4745 | D:5      | Gained mutation: Your spells are a little harder to cast,
                  | but a little more powerful. [Xom's grace]
  4745 | D:5      | Gained mutation: Your muscles are strong. (Str +2) [Xom's
                  | grace]
  5027 | D:5      | XOM: divination: magic mapping
  5219 | D:5      | Identified the +1 robe of Hedging {+Fly rF- Dex+9} (You
                  | found it on level 5 of the Dungeon)
  5277 | D:6      | XOM: give mutations
  5277 | D:6      | Gained mutation: Your spells are harder to cast, but more
                  | powerful. [Xom's grace]
  5277 | D:6      | Gained mutation: You evolve. [Xom's grace]
  5416 | D:6      | XOM: polymorph sky beast -> big kobold
  5441 | D:6      | XOM: give mutations
  5441 | D:6      | Gained mutation: Your muscles are very strong. (Str +4)
                  | [Xom's grace]
  5441 | D:6      | Gained mutation: Your flesh is heat resistant. (rF+) [Xom's
                  | grace]
  5441 | D:6      | Gained mutation: You are robust. (+10% HP) [Xom's grace]
  5441 | D:6      | Gained mutation: You can translocate small distances at
                  | will. [Xom's grace]
  5598 | D:6      | XOM: enchant monster (good)
  5832 | D:6      | XOM: cloud trail
  5889 | D:6      | XOM: god gift: ration
  6027 | D:6      | XOM: enchant monster (good)
  6159 | D:6      | XOM: enchant monster (good)
  6338 | D:6      | Got a fine short sword
  6411 | D:6      | XOM: harmless Tmut miscast
  6421 | D:6      | XOM: divination: detect creatures
  6649 | D:6      | XOM: scenery: create altars
  6706 | D:7      | Reached skill level 10 in Polearms
  6854 | D:7      | Noticed a hippogriff
  6865 | D:7      | Killed a hippogriff
  6865 | D:7      | Reached XP level 9. HP: 69/81 MP: 9/9
  6940 | D:7      | XOM: scenery: create altars
  7017 | D:7      | XOM: cleaving
  7018 | D:7      | XOM: noise
  7024 | D:7      | XOM: smoke on damage
  7036 | D:7      | XOM: polymorph bullfrog -> steam dragon
  7065 | D:7      | XOM: cast spell 'Leda's Liquefaction'
  7390 | D:7      | XOM: fog
  7618 | D:7      | Noticed a troll
  7627 | D:7      | Killed a troll
  7627 | D:7      | Reached skill level 1 in Evocations
  7726 | D:7      | XOM: divination: detect items
  7748 | D:7      | XOM: confuse monster(s)
  7813 | D:7      | XOM: chaos upgrade
  7820 | D:7      | Reached skill level 10 in Dodging
  8036 | D:7      | XOM: swap monsters
  8097 | D:7      | XOM: summons friendly white imp
  8108 | D:7      | XOM: summons 2 friendly demons
  8113 | D:7      | Reached XP level 10. HP: 65/91 MP: 12/12
  8216 | D:7      | Gained mutation: You are agile. (Dex +2) [evolution]
  8532 | D:7      | XOM: enchant monster (good)
  8551 | D:7      | XOM: give mutations
  8551 | D:7      | Gained mutation: You have a pair of small antennae on your
                  | head. [Xom's grace]
  8551 | D:7      | Gained mutation: You are very robust. (+20% HP) [Xom's
                  | grace]
  8551 | D:7      | Gained mutation: You have supernaturally acute eyesight.
                  | (SInv) [Xom's grace]
  8551 | D:7      | Gained mutation: You are very agile. (Dex +4) [Xom's grace]
  8639 | D:7      | XOM: confuse monster(s)
  8715 | D:6      | XOM: polymorph ice beast -> naga
  8747 | D:6      | XOM: confuse monster(s)
  8931 | D:5      | Bought a twisted trident for 229 gold pieces
  8931 | D:5      | Identified the cursed +1 trident of Conscience {freeze,
                  | MP+9 SInv Stlth+} (You bought it in a shop on level 5 of
                  | the Dungeon)
  9175 | D:8      | XOM: summons 1 hostile demon
  9322 | D:8      | XOM: summons 5 hostile demons
  9462 | D:8      | XOM: mild Hex miscast
  9553 | D:8      | XOM: enchant monster (bad)
  9615 | D:8      | XOM: noise
  9731 | D:8      | Found a staircase to the Lair.
  9731 | D:8      | XOM: 3-stop teleportation journey
  9836 | D:8      | XOM: noise
 10068 | D:9      | XOM: noise
 10092 | D:9      | XOM: blink monster(s)
 10311 | D:9      | XOM: cleaving
 10368 | D:9      | XOM: medium Tloc miscast
 10640 | D:8      | XOM: divination: detect items
 10693 | D:9      | XOM: potion effect (haste)
 10697 | D:9      | Reached skill level 10 in Fighting
 10778 | D:9      | XOM: noise
 10801 | D:9      | XOM: confuse monster(s)
 10809 | D:9      | XOM: divination: detect items
 10866 | D:8      | XOM: god gift: scroll labeled ROVVIY ICU HAPUTAU {god gift}
 10996 | D:8      | Gained mutation: You are covered in fur. (AC +1)
                  | [evolution]
 11230 | D:9      | Reached skill level 5 in Evocations
 11238 | D:9      | XOM: mild Necr miscast
 11311 | D:7      | Identified the +6 hunting sling of Deuhiupha {velocity,
                  | *Corrode rElec rF+++ Int-3}
 11431 | D:8      | XOM: scenery: create altars
 11593 | D:8      | Found a staircase to the Lair.
 11661 | D:8      | XOM: god gift: wand of enslavement (9)
 11751 | D:9      | XOM: god gift: long smoking staff {god gift}
 11761 | D:9      | XOM: cleaving
 11762 | D:9      | XOM: fog
 11812 | D:9      | You fall through a shaft!
 11812 | D:10     | Entered Level 10 of the Dungeon
 11860 | D:10     | Reached XP level 11. HP: 110/110 MP: 14/14
 11974 | D:10     | Noticed an unseen horror
 11978 | D:10     | XOM: 2-stop teleportation journey
 12078 | D:10     | Killed an unseen horror
 12166 | D:10     | XOM: noise
 12188 | D:10     | Noticed a two-headed ogre
 12193 | D:10     | XOM: cast spell 'Cause Fear'
 12198 | D:10     | Killed a two-headed ogre
 12398 | D:10     | XOM: summons 3 hostile shadow creatures
 12531 | D:10     | Noticed an unseen horror
 12545 | D:10     | Killed an unseen horror
 12606 | D:10     | XOM: polymorph worker ant -> boggart
 12610 | D:10     | XOM: summons friendly quasit
 12771 | D:10     | XOM: god gift: runed hat {god gift}
 13045 | D:10     | XOM: cloud trail
 13053 | D:10     | XOM: harmless Fire miscast
 13069 | D:10     | XOM: harmless Conj miscast
 13290 | D:11     | Got a brightly glowing golden amulet
 13365 | D:10     | Identified the amulet "Jetot" {Spirit SInv} (You found it
                  | on level 11 of the Dungeon)
 13421 | D:10     | XOM: mild Ice miscast
 13564 | D:11     | Noticed a manticore
 13580 | D:11     | XOM: enchant monster (good)
 13591 | D:11     | XOM: summons friendly ufetubus
 13594 | D:11     | Killed a manticore
 13830 | D:11     | XOM: blink monster(s)
 13852 | D:11     | XOM: harmless Pois miscast
 13935 | D:10     | Learned a level 3 spell: Confuse
 13946 | D:10     | XOM is BORED!
 13946 | D:10     | XOM: harmless Summ miscast
 14009 | D:11     | XOM: potion effect (agility)
 14011 | D:11     | XOM: potion effect (invisibility)
 14027 | D:11     | Reached skill level 1 in Spellcasting
 14027 | D:11     | Reached skill level 1 in Hexes
 14097 | D:11     | XOM: divination: magic mapping
 14152 | D:11     | XOM: silly message
 14235 | D:11     | Noticed an unseen horror
 14239 | D:11     | XOM: harmless Hex miscast
 14249 | D:11     | Killed an unseen horror
 14256 | D:11     | XOM: harmless Erth miscast
 14362 | D:11     | Noticed a brown ugly thing
 14363 | D:11     | Noticed a purple ugly thing
 14377 | D:11     | XOM: potion effect (invisibility)
 14387 | D:11     | Killed a brown ugly thing
 14393 | D:11     | XOM: cast spell 'Call Canine Familiar'
 14414 | D:11     | Killed a cyan ugly thing
 14414 | D:11     | Reached skill level 5 in Hexes
 14578 | D:9      | XOM: potion effect (might)
 14636 | Lair:1   | Entered Level 1 of the Lair of Beasts
 14642 | Lair:1   | Reached XP level 12. HP: 120/120 MP: 15/15
 14795 | Lair:1   | XOM: enchant monster (bad)
 14800 | Lair:1   | XOM: noise
 14806 | Lair:1   | XOM: confuse monster(s)
 15042 | Lair:1   | XOM: enchant monster (good)
 15131 | Lair:1   | XOM: divination: magic mapping
 15448 | Lair:2   | Found a dark tunnel.
 15457 | Volcano  | Entered a volcano
 15612 | Volcano  | Noticed a stone giant
 15621 | Volcano  | XOM: give mutation
 15621 | Volcano  | Lost mutation: You possess an exceptional clarity of mind.
                  | [Xom's mischief]
 15631 | Volcano  | XOM: 1-stop teleportation journey
 15655 | Volcano  | Killed a stone giant
 15673 | Volcano  | XOM: mild Tloc miscast
 15732 | Volcano  | XOM: draining
 15742 | Volcano  | XOM: give mutations
 15742 | Volcano  | Lost mutation: Your muscles are very strong. (Str +4)
                  | [Xom's mischief]
 15742 | Volcano  | Lost mutation: Armour fits poorly on your strangely shaped
                  | body. [Xom's mischief]
 15742 | Volcano  | Lost mutation: You evolve. [Xom's mischief]
 15776 | Volcano  | XOM: polymorph efreet -> hell hound
 15885 | Volcano  | XOM: summons 1 hostile demon
 16007 | Lair:2   | Noticed Nergalle
 16080 | Lair:2   | XOM: god gift: lightning rod (4/4)
 16127 | Lair:2   | XOM: chaos cloud
 16368 | Lair:2   | XOM: confuse monster(s)
 16369 | Lair:2   | XOM: enchant monster (good)
 16385 | Lair:2   | Killed Nergalle
 16419 | Lair:2   | XOM is BORED!
 16419 | Lair:2   | XOM: medium Pois miscast
 16765 | Lair:3   | XOM: divination: detect creatures
 17029 | Lair:3   | XOM: god gift: 30 gold pieces
 17074 | Lair:3   | You fall through a shaft for 2 floors!
 17215 | Lair:3   | Found a staircase to the Snake Pit.
 17229 | Lair:3   | XOM: potion effect (might)
 17381 | Lair:2   | XOM: give mutations
 17381 | Lair:2   | Lost mutation: You are very robust. (+20% HP) [Xom's
                  | mischief]
 17381 | Lair:2   | Lost mutation: Your muscles are strong. (Str +2) [Xom's
                  | mischief]
 17388 | Lair:2   | XOM: god gift: 39 gold pieces
 17416 | Lair:2   | XOM: mild Tloc miscast
 17555 | Lair:2   | XOM: god gift: potion of curing
 17684 | Lair:3   | XOM: enchant monster (good)
 17691 | Lair:3   | Reached XP level 13. HP: 54/118 MP: 16/16
 18008 | Lair:3   | XOM: confuse monster(s)
 18081 | Lair:3   | XOM: summons 7 friendly demons
 18086 | Lair:3   | XOM: medium Erth miscast
 18099 | Lair:3   | XOM: divine lightning
 18103 | Lair:3   | XOM: cast spell 'Necromutation'
 18107 | Lair:3   | Reached skill level 10 in Hexes
 18107 | Lair:3   | XOM: noise
 18113 | Lair:3   | Reached skill level 15 in Polearms
 18447 | Lair:4   | XOM: summons friendly crimson imp
 18460 | Lair:4   | XOM: divine lightning
 18464 | Lair:4   | XOM: fog
 18666 | Lair:4   | XOM: polymorph torpor snail -> slime creature
 18714 | Lair:4   | Found a snail-covered altar of Cheibriados.
 18718 | Lair:4   | XOM: medium Air miscast
 18726 | Lair:4   | XOM: mild Hex miscast
 18741 | Lair:4   | XOM: potion effect (agility)
 18744 | Lair:4   | XOM: repel stairs
 18792 | Lair:4   | XOM: give mutations
 18792 | Lair:4   | Lost mutation: You are very agile. (Dex +4) [Xom's
                  | mischief]
 18792 | Lair:4   | Gained mutation: You occasionally shout uncontrollably at
                  | your foes. [Xom's mischief]
 19179 | Lair:4   | XOM: harmless Air miscast
 19260 | Lair:4   | XOM: harmless Tloc miscast
 19457 | Lair:4   | XOM: mild Chrm miscast
 19546 | Lair:4   | XOM: harmless Air miscast
 19815 | Lair:4   | XOM: harmless Fire miscast
 19909 | Lair:4   | XOM is BORED!
 19909 | Lair:4   | XOM: mild Tloc miscast
 20077 | Lair:4   | Found a staircase to the Swamp.
 20417 | Lair:5   | XOM: 1-stop teleportation journey
 20892 | Lair:5   | XOM: medium Fire miscast
 20997 | Lair:6   | Entered Level 6 of the Lair of Beasts
 20999 | Lair:6   | XOM: harmless Tmut miscast
 21062 | Lair:6   | XOM: potion effect (berserk rage)
 21088 | Lair:6   | XOM: smoke on damage
 21386 | Lair:6   | Found a staircase to the Slime Pits.
 21392 | Lair:6   | XOM: fake destruction
 21406 | Lair:6   | XOM: summons friendly shadow imp
 21439 | Lair:6   | XOM: summons 9 friendly demons
 21441 | Lair:6   | XOM: divination: magic mapping
 21510 | Lair:6   | XOM: give mutations
 21510 | Lair:6   | Gained mutation: Your flesh is cold resistant. (rC+) [Xom's
                  | grace]
 21510 | Lair:6   | Gained mutation: Your movements are slightly less
                  | encumbered by armour. (ER -2) [Xom's grace]
 21542 | Lair:6   | XOM: cleaving
 21603 | Lair:6   | Reached XP level 14. HP: 131/132 MP: 17/17
 21611 | Lair:6   | Reached skill level 15 in Dodging
 21683 | Lair:6   | XOM: enchant monster (good)
 21929 | Lair:6   | XOM: mild Air miscast
 22009 | Lair:6   | XOM: noise
 22010 | Lair:6   | XOM: chaos cloud
 22016 | Lair:6   | XOM: noise
 22619 | Lair:6   | XOM: mild Tloc miscast
 22636 | Lair:6   | XOM: cast spell 'Summon Ice Beast'
 23246 | Lair:6   | Got a smoking scythe
 23247 | Lair:6   | Identified the cursed +1 scythe of the King {freeze, rF-
                  | Str+7} (You found it on level 6 of the Lair of Beasts)
 23845 | D:12     | XOM: silly message
 24040 | D:12     | Found a gateway to a bazaar.
 24199 | D:12     | XOM: silly message
 24298 | D:12     | Noticed Azrael
 24299 | D:12     | XOM: noise
 24469 | D:12     | XOM: silly message
 24657 | D:12     | XOM: enchant monster (good)
 24674 | D:12     | XOM: confuse monster(s)
 24681 | D:12     | XOM: summons friendly quasit
 24722 | D:12     | Killed Azrael
 24728 | D:12     | Learned a level 4 spell: Cause Fear
 25176 | D:13     | XOM: silly message
 25240 | D:13     | Found Leid's Distillery.
 25256 | D:13     | Bought a potion of mutation for 136 gold pieces
 25257 | D:13     | Bought a potion of brilliance for 68 gold pieces
 25491 | D:14     | Noticed Snorg
 25498 | D:14     | Killed Snorg
 25512 | D:14     | XOM: silly message
 25529 | D:14     | XOM is BORED!
 25529 | D:14     | XOM: silly message
 25623 | D:14     | XOM: potion effect (agility)
 25626 | D:14     | XOM: divination: magic mapping
 25677 | D:14     | XOM: confuse monster(s)
 25706 | D:14     | XOM: noise
 25740 | D:14     | XOM: harmless Erth miscast
 25755 | D:14     | XOM: noise
 25777 | D:14     | XOM: 3-stop teleportation journey
 25806 | D:14     | XOM: cleaving
 25889 | D:14     | XOM: silly message
 25902 | D:14     | XOM: blink monster(s)
 25950 | D:14     | XOM: cast spell 'Summon Mana Viper'
 26008 | D:14     | Reached XP level 15. HP: 114/138 MP: 15/19
 26639 | D:14     | XOM: divination: detect creatures
 26662 | D:14     | XOM: divination: detect creatures
 26872 | D:14     | XOM: 3-stop teleportation journey
 27175 | D:14     | XOM: summons 4 friendly demons
 27208 | D:14     | XOM: scenery: create altars
 27269 | D:14     | Found a gate to the Vaults.
 27558 | D:14     | XOM: god gift: 40 gold pieces
 27676 | D:14     | XOM: give mutation
 27676 | D:14     | Gained mutation: You passively map a small area around you.
                  | [Xom's grace]
 27717 | D:14     | Found a shimmering altar of Xom.
 27739 | D:14     | Found a shimmering altar of Xom.
 27856 | D:14     | XOM: 3-stop teleportation journey
 28015 | D:15     | Entered Level 15 of the Dungeon
 28052 | D:15     | Found a frozen archway.
 28065 | IceCv    | Entered an ice cave
 28152 | IceCv    | XOM: noise
 28217 | IceCv    | XOM: summons 1 hostile shadow creature
 28261 | IceCv    | XOM: noise
 28299 | IceCv    | XOM: draining
 28450 | IceCv    | XOM: confusion
 28455 | IceCv    | XOM: summons 2 hostile demons
 28465 | IceCv    | XOM: severe Hex miscast
 28539 | IceCv    | Gained mutation: Armour fits poorly on your strangely
                  | shaped body. [mutagenic glow]
 28771 | IceCv    | XOM: polymorph polar bear -> yaktaur
 28777 | IceCv    | XOM: blink monster(s)
 28875 | IceCv    | Noticed a frost giant
 28893 | IceCv    | Killed a frost giant
 29150 | D:15     | XOM: harmless Summ miscast
 29165 | D:15     | XOM: noise
 29279 | D:15     | Paralysed by a wizard for 5 turns
 29285 | D:15     | XOM: cast spell 'Call Canine Familiar'
 29342 | D:15     | XOM: noise
 29439 | D:15     | XOM: harmless Chrm miscast
 29463 | D:15     | XOM: cast spell 'Shadow Creatures'
 29489 | D:15     | Found a staircase to the Depths.
 29537 | D:15     | Noticed Rupert
 29548 | D:15     | XOM: confuse monster(s)
 29559 | D:15     | Killed Rupert
 29786 | D:15     | XOM: god gift: 35 gold pieces
 29819 | D:15     | Noticed Kirke
 29821 | D:15     | XOM: fake destruction
 29837 | D:15     | XOM: confuse monster(s)
 29849 | D:15     | Killed Kirke
 30285 | D:9      | Found Veusmao's Antique Weapon Emporium.
 30293 | D:9      | XOM: smoke on damage
 30302 | D:9      | XOM: fog
 30330 | D:9      | XOM: enchant monster (bad)
 30409 | D:9      | Found a staircase to the Orcish Mines.
 30666 | D:9      | XOM: harmless Air miscast
 30891 | D:9      | XOM: chaos upgrade
 30900 | D:9      | XOM: mild Chrm miscast
 31039 | Orc:1    | Entered Level 1 of the Orcish Mines
 31127 | Orc:1    | XOM: 1-stop teleportation journey
 31309 | Orc:2    | Entered Level 2 of the Orcish Mines
 31409 | Orc:2    | Found a roughly hewn altar of Beogh.
 31663 | Orc:2    | XOM: mild Pois miscast
 31669 | Orc:2    | XOM: harmless Tloc miscast
 31738 | Orc:2    | Found Kaoxussi's General Store.
 31756 | Orc:2    | XOM: summons friendly quasit
 31791 | Orc:2    | XOM: summons friendly ufetubus
 31804 | Orc:2    | Reached XP level 16. HP: 95/147 MP: 20/20
 31899 | Orc:2    | Found Wushryklo's General Store.
 31903 | Orc:2    | XOM: confuse monster(s)
 31908 | Orc:2    | XOM: confusion (+ monsters)
 31912 | Orc:2    | XOM: noise
 31916 | Orc:2    | XOM: confusion (+ monsters)
 31918 | Orc:2    | XOM: give mutations
 31918 | Orc:2    | Gained mutation: Your spells are much harder to cast, but
                  | much more powerful. [Xom's grace]
 31918 | Orc:2    | Gained mutation: You possess an exceptional clarity of
                  | mind. [Xom's grace]
 31965 | Orc:2    | Reached skill level 15 in Fighting
 32120 | Orc:2    | XOM: polymorph orc warrior -> shapeshifter
 32285 | Orc:2    | XOM: enchant monster (good)
 32287 | Orc:2    | XOM: summons friendly crimson imp
 32549 | Orc:2    | Found Buojy's Gadget Shoppe.
 32549 | Orc:2    | Found a one-way gate leading to the halls of Pandemonium.
 32549 | Orc:2    | Found Aroopeh's Antique Armour Emporium.
 32617 | Orc:2    | XOM: god gift: wand of paralysis (8)
 32734 | Orc:2    | XOM: cloud trail
 32888 | Orc:2    | Found a staircase to the Elven Halls.
 33068 | Orc:2    | Bought a brightly glowing ring mail for 270 gold pieces
 33078 | Orc:2    | Identified the +2 ring mail "Kesing" {+Blink Regen+ MP+9
                  | Str+4} (You bought it in a shop on level 2 of the Orcish
                  | Mines)
 33154 | Orc:2    | Bought a bronze leather armour for 210 gold pieces
 33164 | Orc:2    | Identified the +1 leather armour "Esmoziarr" {rN+} (You
                  | bought it in a shop on level 2 of the Orcish Mines)
 33167 | Orc:2    | XOM: harmless Fire miscast
 33433 | Bazaar   | Entered a bazaar
 33439 | Bazaar   | Found Gecuacoi's Distillery.
 33441 | Bazaar   | Found Nuabb's Antique Weapon Boutique.
 33452 | Bazaar   | Found Degoq's Antique Armour Shoppe.
 33461 | Bazaar   | Found Jinoarez's Gadget Emporium.
 33509 | Bazaar   | Bought a glowing glaive for 237 gold pieces
 33516 | Bazaar   | Bought a potion of might for 44 gold pieces
 33516 | Bazaar   | Bought a potion of haste for 110 gold pieces
 33516 | Bazaar   | Bought a potion of invisibility for 88 gold pieces
 33516 | Bazaar   | Bought a potion of berserk rage for 55 gold pieces
 33516 | Bazaar   | Bought a potion of resistance for 110 gold pieces
 33516 | Bazaar   | Bought a potion of curing for 33 gold pieces
 33536 | Bazaar   | Bought a wand of digging (5) for 270 gold pieces
 33536 | Bazaar   | Bought a wand of scattershot (4) for 360 gold pieces
 33799 | Swamp:1  | Entered Level 1 of the Swamp
 33803 | Swamp:1  | Noticed Louise
 33893 | Swamp:1  | Noticed Aizul
 33907 | Swamp:1  | Killed Louise
 33908 | Swamp:1  | XOM: butterfly on damage
 33921 | Lair:4   | XOM: harmless Hex miscast
 34052 | Swamp:1  | XOM: 1-stop teleportation journey
 34069 | Swamp:1  | XOM: confuse monster(s)
 34253 | Swamp:1  | Killed Aizul
 34473 | Swamp:1  | Noticed Josephine
 34479 | Swamp:1  | Killed Josephine
 34768 | D:13     | XOM: silly message
 35081 | Lair:4   | XOM: medium Hex miscast
 35111 | Swamp:1  | Found a runed translucent door.
 35111 | Swamp:1  | Found a shimmering altar of Xom.
 35111 | Swamp:1  | Noticed Vuxzinot's ghost (journeyman DsFi)
 35120 | Swamp:1  | XOM: god gift: scroll of enchant weapon
 35176 | Lair:4   | XOM: enchant monster (bad)
 35193 | Lair:4   | XOM: enchant monster (bad)
 35230 | Lair:3   | Killed Vuxzinot's ghost
 35532 | Swamp:1  | Reached skill level 1 in Armour
 35558 | Swamp:1  | XOM: confuse monster(s)
 35850 | Swamp:1  | XOM: cast spell 'Shadow Creatures'
 36235 | Swamp:2  | XOM: enchant monster (good)
 36326 | Swamp:2  | Noticed a thorn hunter
 36335 | Swamp:2  | XOM: 1-stop teleportation journey
 36344 | Swamp:2  | XOM: blink monster(s)
 36347 | Swamp:2  | XOM: enchant monster (good)
 36349 | Swamp:2  | XOM: summons friendly white imp
 36353 | Swamp:2  | Killed a thorn hunter
 36568 | Swamp:2  | XOM: mild Hex miscast
 36647 | Swamp:2  | XOM: 7-stop teleportation journey
 36693 | Swamp:2  | XOM: give mutations
 36693 | Swamp:2  | Gained mutation: You evolve. [Xom's grace]
 36693 | Swamp:2  | Gained mutation: You are partially covered in thin metallic
                  | scales. (AC +2) [Xom's grace]
 36693 | Swamp:2  | Gained mutation: You have sharp fingernails. [Xom's grace]
 37009 | Swamp:3  | Reached XP level 17. HP: 127/158 MP: 23/23
 37014 | Swamp:3  | XOM: cast spell 'Summon Butterflies'
 37015 | Swamp:3  | XOM: divination: magic mapping
 37019 | Swamp:3  | XOM: divination: detect items
 37033 | Swamp:3  | XOM: potion effect (might)
 37214 | Swamp:3  | XOM: smoke on damage
 37257 | Swamp:2  | XOM: divination: detect creatures
 37269 | Swamp:2  | XOM: god gift: potion of flight
 37350 | Swamp:3  | XOM: smoke on damage
 37490 | Swamp:3  | XOM: confuse monster(s)
 37522 | Swamp:3  | XOM: cast spell 'Metabolic Englaciation'
 37559 | Swamp:3  | XOM: fog
 37565 | Swamp:3  | XOM: 3-stop teleportation journey
 37578 | Swamp:3  | XOM: summons friendly iron imp
 37602 | Swamp:3  | XOM: polymorph titanic slime creature -> water nymph
 37625 | Swamp:3  | XOM: cleaving
 37919 | Swamp:3  | XOM: polymorph snapping turtle -> swamp dragon
 38196 | Swamp:3  | Gained mutation: Your system is resistant to poisons.
                  | (rPois) [evolution]
 38214 | Swamp:4  | Entered Level 4 of the Swamp
 38594 | Swamp:4  | XOM: enchant monster (good)
 38602 | Swamp:4  | XOM: noise
 38657 | Swamp:4  | XOM: smoke on damage
 38803 | Swamp:4  | XOM: 2-stop teleportation journey
 38822 | Swamp:4  | XOM: noise
 38827 | Swamp:4  | XOM: polymorph swamp dragon -> snapping turtle
 38831 | Swamp:4  | XOM: divination: detect creatures
 38833 | Swamp:4  | XOM: enchant monster (bad)
 38896 | Swamp:4  | XOM: polymorph shambling mangrove -> shambling mangrove
 38897 | Swamp:4  | XOM: divination: detect creatures
 38910 | Swamp:4  | XOM: polymorph shambling mangrove -> thorn hunter
 39172 | Swamp:4  | XOM: confuse monster(s)
 39246 | Swamp:4  | XOM: noise
 39280 | Swamp:4  | Noticed Nikola
 39369 | Swamp:4  | XOM: enchant monster (bad)
 39378 | Swamp:4  | Killed Nikola
 39527 | Swamp:4  | XOM: fog
 39912 | Swamp:4  | XOM: cast spell 'Cause Fear'
 40021 | Swamp:4  | XOM: confuse monster(s)
 40025 | Swamp:4  | Reached XP level 18. HP: 166/166 MP: 24/24
 40075 | Swamp:4  | XOM: god gift: scroll labeled AMISUI PEIMUT {god gift}
 40090 | Swamp:4  | Got a decaying rune of Zot
 40254 | Lair:4   | XOM: divination: detect items
 40290 | Snake:1  | Entered Level 1 of the Snake Pit
 40319 | Snake:1  | XOM: confuse monster(s)
 40340 | Snake:1  | XOM: give mutation
 40340 | Snake:1  | Lost mutation: Your spells are much harder to cast, but
                  | much more powerful. [Xom's mischief]
 40477 | Snake:1  | Learned a level 3 spell: Tukima's Dance
 40583 | Snake:1  | XOM: medium Pois miscast
 40636 | Snake:1  | XOM: god gift: mace {god gift}
 40711 | Snake:1  | Identified the +6 rapier "Ullyw" {elec, Int+3} (You found
                  | it on level 1 of the Snake Pit)
 40761 | Snake:1  | You fall through a shaft!
 40766 | Snake:2  | XOM: confuse monster(s)
 40800 | Snake:2  | Lost mutation: Your spells are harder to cast, but more
                  | powerful. [evolution]
 40813 | Snake:2  | XOM: snakes to sticks
 40878 | Snake:2  | XOM: confuse monster(s)
 40883 | Snake:2  | XOM: enchant monster (good)
 40963 | Snake:2  | XOM: confuse monster(s)
 41035 | Snake:2  | Found a runed translucent door.
 41035 | Snake:2  | Found a shimmering altar of Xom.
 41035 | Snake:2  | Noticed Rudiyha's ghost (adept MiBe)
 41039 | Snake:2  | XOM: god gift: scroll of enchant armour
 41484 | Snake:3  | Got a colourful robe
 41495 | Snake:3  | Identified the cursed +1 robe of the Jabberwock {+Inv} (You
                  | found it on level 3 of the Snake Pit)
 41537 | Snake:3  | XOM: smoke on damage
 41557 | Snake:3  | XOM: mild Fire miscast
 41923 | Snake:3  | XOM: summons 7 friendly demons
 41924 | Snake:3  | XOM: polymorph white imp -> ufetubus
 41925 | Snake:3  | XOM: harmless Tloc miscast
 41928 | Snake:3  | Reached skill level 5 in Armour
 42061 | Snake:3  | Found an opulent altar of Gozag.
 42156 | Snake:3  | XOM: divination: detect creatures
 42208 | Snake:3  | XOM: god gift: metal-bound book {god gift}
 42298 | Snake:3  | XOM: chaos upgrade
 42299 | Snake:3  | XOM: enchant monster (good)
 42320 | Snake:3  | XOM: cleaving
 42395 | Snake:3  | XOM: scenery: create altars
 42493 | Snake:3  | XOM: 4-stop teleportation journey
 42627 | Snake:3  | XOM: give mutation
 42627 | Snake:3  | Gained mutation: You rapidly evolve. [Xom's grace]
 42650 | Snake:4  | Entered Level 4 of the Snake Pit
 42825 | Snake:4  | Gained mutation: You are partially covered in molten
                  | scales. (AC +2) [evolution]
 43004 | Snake:4  | XOM: divination: detect creatures
 43005 | Snake:4  | Got a jewelled leather armour
 43006 | Snake:4  | Identified the +0 leather armour of Kamuezukh {Regen+ Int+4
                  | Dex+5} (You found it on level 4 of the Snake Pit)
 43068 | Snake:4  | XOM: 2-stop teleportation journey
 43246 | Snake:4  | XOM: cast spell 'Disjunction'
 43269 | Snake:4  | XOM: enchant monster (good)
 43373 | Snake:4  | XOM: fog
 43392 | Snake:4  | XOM: scenery: create altars
 43519 | Snake:4  | XOM: silly message
 43552 | Snake:4  | XOM: enchant monster (good)
 43836 | Snake:4  | XOM: harmless Conj miscast
 44114 | Snake:4  | Reached XP level 19. HP: 172/172 MP: 25/25
 44202 | Snake:4  | XOM: cast spell 'Summon Hydra'
 44258 | Snake:4  | XOM: smoke on damage
 44261 | Snake:4  | XOM: confuse monster(s)
 44262 | Snake:4  | Reached skill level 10 in Armour
 44275 | Snake:4  | XOM: harmless Conj miscast
 44278 | Snake:4  | Gained mutation: You expend magic power (3 MP) to
                  | strengthen your wands. [evolution]
 44297 | Snake:4  | XOM: enchant monster (bad)
 44300 | Snake:4  | XOM: noise
 44862 | Snake:4  | XOM: summons friendly ufetubus
 44979 | Snake:4  | Got a serpentine rune of Zot
 45129 | Snake:4  | XOM: give mutations
 45129 | Snake:4  | Lost mutation: Armour fits poorly on your strangely shaped
                  | body. [Xom's mischief]
 45129 | Snake:4  | Lost mutation: You occasionally shout uncontrollably at
                  | your foes. [Xom's mischief]
 45129 | Snake:4  | Lost mutation: Your spells are a little harder to cast, but
                  | a little more powerful. [Xom's mischief]
 45129 | Snake:4  | Lost mutation: Your movements are slightly less encumbered
                  | by armour. (ER -2) [Xom's mischief]
 45215 | Snake:1  | XOM: harmless Tloc miscast
 45384 | Orc:1    | XOM: medium Summ miscast
 45613 | Snake:1  | XOM: enchant monster (bad)
 45860 | Snake:1  | XOM: harmless Hex miscast
 46206 | Lair:3   | XOM: divination: magic mapping
 46302 | Orc:1    | XOM: cloud trail
 46355 | Elf:1    | Entered Level 1 of the Elven Halls
 46501 | Elf:1    | You fall through a shaft!
 46507 | Elf:2    | XOM: cleaving
 46525 | Elf:2    | XOM: cast spell 'Olgreb's Toxic Radiance'
 46549 | Elf:2    | XOM: smoke on damage
 46658 | Elf:2    | Found a large runed translucent door.
 46658 | Elf:2    | Found a large runed translucent door.
 46681 | Elf:2    | Found a large runed translucent door.
 46681 | Elf:2    | Found a large runed translucent door.
 46738 | Elf:2    | XOM: enchant monster (bad)
 46750 | Elf:2    | XOM: enchant monster (good)
 46778 | Elf:2    | XOM: mild Fire miscast
 46996 | Elf:2    | XOM: harmless Summ miscast
 47026 | Elf:2    | XOM: summons 2 friendly demons
 47157 | Elf:2    | Found Gopirche's Magic Scroll Shoppe.
 47235 | Elf:2    | XOM: enchant monster (good)
 47243 | Elf:2    | XOM: cast spell 'Ring of Flames'
 47369 | Elf:1    | XOM: cloud trail
 47436 | Elf:1    | XOM: summons 9 hostile demons
 47724 | Elf:1    | Reached XP level 20. HP: 183/183 MP: 26/26
 47781 | Elf:1    | XOM: enchant monster (good)
 47794 | Elf:1    | XOM: summons 5 friendly demons
 47801 | Elf:1    | XOM: cleaving
 48125 | Elf:1    | Found Eseceuwk's Antique Weapon Emporium.
 48171 | Elf:1    | XOM: cast spell 'Ring of Flames'
 48191 | Elf:1    | XOM: divination: magic mapping
 48238 | Elf:1    | XOM: summons 7 friendly demons
 48352 | Elf:1    | XOM: god gift: 54 gold pieces
 48943 | Elf:1    | XOM: cast spell 'Summon Horrible Things'
 49102 | Elf:1    | XOM: god gift: scroll of enchant weapon
 49200 | Elf:2    | Bought a scroll of acquirement for 780 gold pieces
 49203 | Elf:2    | Got a pair of jewelled boots
 49204 | Elf:2    | Identified the +3 pair of boots "Wainohau" {Int-2 Dex+7}
                  | (You acquired it on level 2 of the Elven Halls)
 49415 | Elf:2    | XOM: god gift: wand of acid (10)
 49432 | Elf:2    | XOM is BORED!
 49432 | Elf:2    | XOM: summons 3 hostile shadow creatures
 49448 | Elf:2    | XOM: noise
 49461 | Elf:2    | XOM: polymorph troll -> shapeshifter
 49821 | Elf:2    | XOM: swap monsters
 49824 | Elf:2    | XOM: enchant monster (good)
 49858 | Elf:2    | XOM: blink monster(s)
 49995 | Elf:2    | XOM: swap monsters
 50008 | Elf:2    | XOM: give mutation
 50008 | Elf:2    | Lost mutation: You have sharp fingernails. [Xom's mischief]
 50013 | Elf:2    | XOM: polymorph demonic crawler -> hell hog
 50020 | Elf:2    | XOM: potion effect (haste)
 50065 | Elf:2    | XOM: god gift: wand of enslavement (8)
 50123 | Elf:3    | Entered Level 3 of the Elven Halls
 50201 | Elf:3    | XOM: fog
 50242 | Elf:3    | Got a wavering sapphire amulet
 50243 | Elf:3    | Identified the amulet of Winter {rF+++ Regen+ Str+5 Int-5
                  | Dex+4} (You found it on level 3 of the Elven Halls)
 50246 | Elf:3    | Identified Sif Muna's Collected Works on Toxic Talismans
 50287 | Elf:3    | Found the +10 Black Knight's horse barding {ponderous,
                  | rPois rN+}
 50289 | Elf:3    | XOM: summons 4 friendly demons
 50317 | Elf:3    | Identified the cursed +0 robe "Qymailoq" {rF+}
 50332 | Elf:3    | XOM: summons 3 friendly demons
 50346 | Elf:3    | XOM: confuse monster(s)
 50364 | Elf:3    | XOM: polymorph deep elf mage -> shining eye
 50525 | Elf:3    | XOM: give mutations
 50525 | Elf:3    | Lost mutation: You are robust. (+10% HP) [Xom's mischief]
 50525 | Elf:3    | Lost mutation: Your flesh is cold resistant. (rC+) [Xom's
                  | mischief]
 50530 | Elf:3    | XOM: enchant monster (bad)
 50547 | Elf:3    | XOM: potion effect (haste)
 50630 | Elf:3    | XOM: divination: magic mapping
 50633 | Elf:3    | Identified the +11 falchion of the Coward {freeze, +Blink}
 50690 | Elf:3    | Learned a level 6 spell: Deflect Missiles
 50923 | Elf:3    | XOM: mild Tmut miscast
 50999 | Elf:3    | Reached skill level 1 in Charms
 51006 | Elf:3    | XOM: harmless Hex miscast
 51019 | Elf:3    | Reached skill level 1 in Air Magic
 51019 | Elf:3    | XOM: summons 9 friendly demons
 51085 | Elf:3    | XOM: god gift: 44 gold pieces
 51201 | Elf:3    | XOM: confuse monster(s)
 51431 | Elf:3    | Got a faintly glowing plate armour
 51439 | Elf:3    | Got a crude glaive
 51442 | Elf:3    | Identified the cursed +0 glaive "Duli Dat" {flame, Dex+2}
                  | (You found it on level 3 of the Elven Halls)
 51465 | Elf:3    | Reached skill level 5 in Spellcasting
 51859 | D:11     | XOM: scenery: create altars
 51889 | D:10     | Gained mutation: Your flesh is cold resistant. (rC+)
                  | [evolution]
 51977 | Elf:1    | XOM: cloud trail
 52357 | Vaults:1 | Entered Level 1 of the Vaults
 52369 | Vaults:1 | Reached XP level 21. HP: 177/177 MP: 28/28
 52389 | Vaults:1 | XOM: polymorph vault warden -> stone giant
 52423 | Vaults:1 | XOM: potion effect (curing)
 52427 | Vaults:1 | XOM: smoke on damage
 52509 | D:14     | XOM: scenery: 1 doors close
 52789 | Vaults:1 | XOM: summons friendly ufetubus
 52900 | Vaults:1 | Found Odoxaeme's Jewellery Emporium.
 52940 | Vaults:1 | XOM: give mutations
 52940 | Vaults:1 | Lost mutation: You expend magic power (3 MP) to strengthen
                  | your wands. [Xom's mischief]
 52940 | Vaults:1 | Lost mutation: You can translocate small distances at will.
                  | [Xom's mischief]
 52960 | Vaults:1 | Bought an uncursed ring of protection from magic for 350
                  | gold pieces
 53071 | Vaults:1 | XOM: scenery: 1 doors open, 1 doors close
 53294 | Vaults:1 | XOM: confuse monster(s)
 53295 | Vaults:1 | XOM: polymorph deep elf mage -> swamp dragon
 53326 | Vaults:1 | Reached skill level 5 in Charms
 53713 | Vaults:1 | XOM: summons 1 hostile shadow creature
 54032 | Vaults:2 | XOM: summons friendly iron imp
 54259 | Vaults:2 | XOM: scenery: 3 doors close
 54349 | Vaults:2 | Noticed Donald
 54351 | Vaults:2 | XOM: cleaving
 54397 | Vaults:2 | XOM: cleaving
 54404 | Vaults:2 | Killed Donald
 54489 | Vaults:1 | XOM: noise
 54733 | Vaults:1 | XOM: mild Erth miscast
 54820 | Vaults:2 | Reached skill level 5 in Air Magic
 55012 | Vaults:2 | XOM: blink monster(s)
 55409 | Vaults:2 | Found a staircase to the Crypt.
 55509 | Vaults:2 | Noticed Sojobo
 55518 | Vaults:2 | Killed Sojobo
 55609 | Vaults:2 | XOM: harmless Air miscast
 55652 | Vaults:2 | XOM: harmless Ice miscast
 55919 | Vaults:2 | XOM: repel stairs
 55922 | Vaults:2 | XOM: give mutation
 55922 | Vaults:2 | Lost mutation: You rapidly evolve. [Xom's mischief]
 55942 | Vaults:2 | XOM: noise
 56091 | Vaults:1 | XOM: medium Hex miscast
 56254 | Vaults:3 | XOM: smoke on damage
 56256 | Vaults:3 | XOM: scenery: 1 doors open
 56298 | Vaults:3 | XOM: harmless Pois miscast
 56346 | Vaults:3 | XOM: confuse monster(s)
 56349 | Vaults:3 | XOM: summons 2 friendly demons
 56404 | Vaults:3 | XOM: cast spell 'Shadow Creatures'
 56407 | Vaults:3 | XOM: blink monster(s)
 56504 | Vaults:3 | XOM: cast spell 'Leda's Liquefaction'
 56507 | Vaults:3 | XOM: potion effect (invisibility)
 56527 | Vaults:3 | Reached XP level 22. HP: 150/184 MP: 31/31
 56582 | Vaults:3 | XOM: noise
 56765 | Vaults:3 | XOM: summons friendly crimson imp
 56810 | Vaults:3 | XOM: cast spell 'Summon Small Mammal'
 57039 | Vaults:3 | XOM: cast spell 'Metabolic Englaciation'
 57083 | Vaults:3 | XOM: cast spell 'Dispersal'
 57089 | Vaults:3 | XOM: enchant monster (good)
 57107 | Vaults:3 | XOM: enchant monster (good)
 57479 | Vaults:3 | Got an iridescent morningstar
 57571 | Vaults:3 | Identified the +7 morningstar "Ehusch" {vamp, +Rage rElec
                  | Str-4 Dex+4} (You found it on level 3 of the Vaults)
 57627 | Vaults:3 | XOM: enchant monster (good)
 57656 | Vaults:3 | XOM: scenery: create altars
 57657 | Vaults:3 | XOM: summons 4 friendly demons
 58045 | Vaults:3 | XOM: cloud trail
 58073 | Vaults:3 | Noticed Margery
 58091 | Vaults:3 | Killed Margery
 58092 | Vaults:3 | XOM: summons friendly crimson imp
 58147 | Vaults:3 | Found Hidugeshu's Antique Armour Emporium.
 58286 | Vaults:4 | XOM: harmless Fire miscast
 58343 | Vaults:4 | XOM: cleaving
 58362 | Vaults:4 | Reached skill level 10 in Charms
 58379 | Vaults:4 | XOM: summons 2 hostile demons
 58381 | Vaults:4 | XOM: scenery: 2 doors open, 1 doors close
 58446 | Vaults:4 | XOM: cloud trail
 58560 | Vaults:4 | XOM: give mutations
 58560 | Vaults:4 | Gained mutation: Your flesh is very heat resistant. (rF++)
                  | [Xom's grace]
 58560 | Vaults:4 | Gained mutation: You are covered in thick fur. (AC +2)
                  | [Xom's grace]
 58560 | Vaults:4 | Gained mutation: Your mind is acute. (Int +2) [Xom's grace]
 58845 | Vaults:4 | Found Zadghev's Distillery.
 58848 | Vaults:4 | Bought a potion of heal wounds for 70 gold pieces
 58886 | Vaults:4 | Found Mumuegh's Antique Armour Boutique.
 58912 | Vaults:4 | XOM: summons friendly white imp
 59050 | Vaults:4 | XOM: give mutation
 59050 | Vaults:4 | Lost mutation: You are partially covered in thin metallic
                  | scales. (AC +2) [Xom's mischief]
 59181 | Vaults:4 | XOM: divine lightning
 59359 | Vaults:4 | XOM: confuse monster(s)
 59405 | Vaults:4 | XOM: divination: detect items
 59477 | Vaults:4 | XOM: 1-stop teleportation journey
 59556 | Vaults:4 | Found Jeuthrur's Magic Scroll Shop.
 59561 | Vaults:4 | Found Kirehude's Gadget Emporium.
 59609 | Vaults:4 | XOM: smoke on damage
 59700 | Vaults:4 | XOM: potion effect (heal wounds)
 59919 | Vaults:4 | XOM is BORED!
 59919 | Vaults:4 | XOM: give mutations
 59919 | Vaults:4 | Lost mutation: You are covered in thick fur. (AC +2) [Xom's
                  | mischief]
 59919 | Vaults:4 | Lost mutation: You are agile. (Dex +2) [Xom's mischief]
 59934 | Vaults:4 | XOM: summons 3 friendly demons
 60137 | Vaults:2 | XOM: harmless Fire miscast
 60270 | Depths:1 | Entered Level 1 of the Depths
 60327 | Depths:1 | XOM: swap monsters
 60366 | Depths:1 | XOM: noise
 60420 | Depths:1 | XOM: blink monster(s)
 60530 | Depths:1 | Found a one-way gate to the infinite horrors of the Abyss.
 60547 | Depths:1 | Reached XP level 23. HP: 175/190 MP: 32/32
 60594 | Depths:1 | XOM: harmless Necr miscast
 60614 | Depths:1 | XOM: enchant monster (bad)
 60789 | Depths:1 | XOM: 3-stop teleportation journey
 60811 | Depths:1 | XOM: polymorph deep troll shaman -> alligator
 60818 | Depths:1 | XOM: polymorph alligator -> slime creature
 60837 | Depths:1 | XOM: give mutations
 60837 | Depths:1 | Lost mutation: Your flesh is cold resistant. (rC+) [Xom's
                  | mischief]
 60837 | Depths:1 | Lost mutation: You passively map a small area around you.
                  | [Xom's mischief]
 60837 | Depths:1 | Lost mutation: Your flesh is very heat resistant. (rF++)
                  | [Xom's mischief]
 60837 | Depths:1 | Gained mutation: Armour fits poorly on your strangely
                  | shaped body. [Xom's mischief]
 60838 | Depths:1 | XOM: 1-stop teleportation journey
 60840 | Depths:1 | Noticed Saint Roka
 60866 | Depths:1 | XOM: cast spell 'Ring of Flames'
 60873 | Depths:1 | XOM: cast spell 'Summon Ice Beast'
 60888 | Depths:1 | XOM: fog
 60891 | Depths:1 | XOM: scenery: create altars
 60898 | Depths:1 | XOM: scenery: create altars
 61177 | Depths:1 | XOM: divination: magic mapping
 61191 | Depths:1 | XOM: medium Hex miscast
 61237 | Depths:1 | XOM: chaos cloud
 61456 | D:15     | XOM: give mutations
 61456 | D:15     | Lost mutation: Your flesh is heat resistant. (rF+) [Xom's
                  | mischief]
 61456 | D:15     | Gained mutation: You are weak. (Str -2) [Xom's mischief]
 61537 | Depths:1 | XOM: scenery: create altars
 61756 | Depths:1 | Identified the +0 dagger of the Lurker {pierce, +Rage rC-
                  | Int+4 Dex+4}
 61759 | Depths:1 | XOM: cast spell 'Statue Form'
 61782 | Depths:1 | Reached skill level 10 in Air Magic
 61843 | D:15     | XOM: god gift: ration
 61997 | Depths:1 | XOM: divination: magic mapping
 62236 | D:15     | XOM: give mutation
 62236 | D:15     | Gained mutation: You are resistant to hostile enchantments.
                  | (MR+) [Xom's grace]
 62575 | D:15     | XOM: cloud trail
 62768 | D:15     | XOM: scenery: 1 doors close
 62855 | Depths:1 | XOM: divine lightning
 62878 | Depths:1 | Killed Saint Roka
 63168 | Depths:1 | Found a gateway to Hell.
 63207 | Depths:1 | Identified the +7 arbalest "Wyp Xerr" {penet, Str+7}
 63302 | Depths:1 | XOM: potion effect (haste)
 63316 | Depths:1 | Noticed a juggernaut
 63323 | Depths:1 | XOM: scenery: create altars
 63340 | Depths:1 | XOM: butterfly on damage
 63344 | Depths:1 | Killed a juggernaut
 63372 | Depths:1 | XOM: harmless Fire miscast
 63501 | Depths:1 | XOM: give mutations
 63501 | Depths:1 | Gained mutation: Your spells are a little harder to cast,
                  | but a little more powerful. [Xom's grace]
 63501 | Depths:1 | Gained mutation: You are partially covered in icy blue
                  | scales. (AC +2) [Xom's grace]
 63501 | Depths:1 | Gained mutation: You are partially covered in large bone
                  | plates. (SH +4) [Xom's grace]
 63668 | Depths:2 | XOM: confuse monster(s)
 63678 | Depths:2 | XOM: confuse monster(s)
 63745 | Depths:2 | XOM: enchant monster (bad)
 63756 | Depths:2 | XOM: fog
 63819 | Depths:2 | Learned a level 2 spell: Swiftness
 63824 | Depths:2 | Learned a level 4 spell: Summon Lightning Spire
 63860 | Depths:2 | XOM: harmless Necr miscast
 63880 | Depths:2 | Found Woexzutu's Jewellery Shop.
 63881 | Depths:2 | Found Opicokh's Book Boutique.
 63881 | Depths:2 | Found Ytiacos's General Store.
 63885 | Depths:2 | Found Bovute Hiro's Armour Boutique.
 63886 | Depths:2 | Noticed Mara
 63906 | Depths:2 | Reached skill level 1 in Summonings
 63908 | Depths:2 | XOM: noise
 63911 | Depths:2 | Noticed Flugkiller's illusion
 63913 | Depths:2 | Killed Mara
 63922 | Depths:2 | Bought Sif Muna's Guide on Execration and Flight for 1040
                  | gold pieces
 63929 | Depths:2 | Learned a level 6 spell: Invisibility
 63993 | Depths:2 | XOM: enchant monster (good)
 64003 | Depths:2 | XOM: scenery: create altars
 64021 | Depths:2 | XOM: polymorph spriggan -> eye of draining
 64022 | Depths:2 | XOM: summons 2 friendly demons
 64029 | Depths:2 | XOM: summons friendly quasit
 64046 | Depths:2 | XOM: summons friendly iron imp
 64062 | Depths:2 | XOM: 2-stop teleportation journey
 64067 | Depths:2 | XOM: divination: detect creatures
 64350 | Depths:2 | XOM: smoke on damage
 64415 | Depths:2 | Reached XP level 24. HP: 179/202 MP: 32/32
 64449 | Depths:2 | XOM: potion effect (invisibility)
 64537 | Depths:2 | XOM: noise
 64541 | Depths:2 | XOM: god gift: blowgun {god gift}
 64647 | Depths:2 | Reached skill level 5 in Summonings
 64838 | Depths:2 | XOM: scenery: create altars
 64928 | Depths:2 | XOM: blink monster(s)
 65062 | Depths:2 | XOM: summons 12 hostile demons
 65149 | Depths:2 | XOM: harmless Chrm miscast
 65189 | Depths:2 | XOM: mild Tmut miscast
 65308 | Depths:2 | Found Tisoc's Jewellery Shop.
 65411 | Depths:3 | XOM: summons 2 friendly demons
 65419 | Depths:3 | XOM: mild Tmut miscast
 65421 | Depths:2 | XOM: confuse monster(s)
 65717 | Depths:3 | Reached skill level 15 in Hexes
 65753 | Depths:3 | XOM: summons 8 friendly demons
 65754 | Depths:3 | XOM: confuse monster(s)
 65784 | Depths:3 | XOM: blink monster(s)
 65808 | Depths:3 | XOM: enchant monster (good)
 65847 | Depths:3 | XOM: 5-stop teleportation journey
 66435 | Depths:4 | XOM: harmless Air miscast
 66518 | Depths:3 | XOM: divination: detect items
 66792 | Depths:3 | Got a scorched wooden ring
 66806 | Depths:3 | Identified the ring of the Kangaroo {rElec rPois rN+ MR++
                  | Str-2} (You found it on level 3 of the Depths)
 67159 | Depths:3 | XOM: god gift: potion of heal wounds
 67494 | Depths:3 | XOM: scenery: create altars
 67661 | Depths:3 | XOM: scenery: create altars
 67707 | Depths:3 | XOM: god gift: shiny ring mail {god gift}
 67769 | Depths:3 | XOM: cast spell 'Summon Mana Viper'
 68238 | Depths:4 | Noticed Xtahua
 68258 | Depths:4 | Killed Xtahua
 68415 | Depths:4 | Found a gateway to a ziggurat.
 68416 | Depths:4 | Paralysed by a floating eye for 4 turns
 68482 | Depths:4 | Gained mutation: You expend magic power (3 MP) to
                  | strengthen your wands. [evolution]
 68482 | Depths:4 | Lost mutation: You evolve. [end of evolution]
 68492 | Depths:4 | XOM: confuse monster(s)
 68710 | Depths:4 | Identified the ring "Kanateic" {rC++ Dex+3}
 68710 | Depths:4 | Noticed Jory
 68726 | Depths:4 | Killed Jory
 68793 | Depths:4 | Got a translucent hand axe
 68796 | Depths:4 | Got a shimmering chain mail
 68797 | Depths:4 | Identified the +1 chain mail of the Villain {-Tele Str+4
                  | Int+5 Slay+2} (You found it on level 4 of the Depths)
 68799 | Depths:4 | Identified the +9 hand axe of the Wasteland {chop, rF+
                  | rC+++} (You found it on level 4 of the Depths)
 68852 | Depths:4 | XOM: scenery: 1 doors open
 68947 | Depths:4 | XOM: enchant monster (good)
 69292 | Depths:5 | Entered Level 5 of the Depths
 69294 | Depths:5 | XOM: destruction
 69298 | Depths:5 | XOM: polymorph deep troll earth mage -> satyr
 69383 | Depths:5 | XOM: cast spell 'Death Channel'
 69418 | Depths:5 | XOM: cleaving
 69643 | Depths:5 | XOM: 3-stop teleportation journey
 69683 | Depths:5 | XOM: scenery: create altars
 69685 | Depths:5 | XOM: god gift: 44 gold pieces
 69713 | Depths:5 | XOM: fog
 69714 | Depths:5 | Reached XP level 25. HP: 158/216 MP: 28/35
 70046 | Depths:5 | XOM: summons 3 friendly demons
 70067 | Depths:5 | XOM: scenery: create altars
 70072 | Depths:5 | XOM: divine lightning
 70268 | Depths:5 | XOM: harmless Summ miscast
 70291 | Depths:5 | Found a gate to the Realm of Zot.
 70526 | D:14     | XOM is BORED!
 70526 | D:14     | XOM: mild Tmut miscast
 70926 | Slime:1  | Entered Level 1 of the Pits of Slime
 70991 | Slime:2  | XOM: harmless Necr miscast
 71006 | Slime:2  | XOM: medium Tmut miscast
 71053 | Slime:3  | XOM: harmless Tmut miscast
 71055 | Slime:2  | XOM: 3-stop teleportation journey
 71317 | Slime:5  | Entered Level 5 of the Pits of Slime
 71321 | Slime:5  | wow
 71347 | Slime:5  | XOM: god gift: ration
 71411 | Slime:5  | XOM: harmless Summ miscast
 71447 | Slime:5  | Noticed the Royal Jelly
 71465 | Slime:5  | XOM: noise
 71525 | Slime:4  | XOM: scenery: create altars
 71641 | Slime:4  | XOM: mild Pois miscast
 71656 | Slime:4  | XOM: summons friendly iron imp
 71691 | Slime:5  | Lost mutation: Your spells are a little harder to cast, but
                  | a little more powerful. [a shining eye]
 71717 | Slime:3  | XOM: blink monster(s)
 71938 | Slime:5  | XOM: silly message
 71952 | Slime:5  | Found a viscous altar of Jiyva.
 71958 | Slime:5  | Found the +2 ratskin cloak {+Rats rPois rN+ Str-1 Int-1
                  | Dex+1}
 72042 | Slime:5  | XOM: enchant monster (good)
 72227 | Slime:5  | XOM: scenery: create altars
 72624 | Slime:5  | Killed the Royal Jelly
 72624 | Slime:5  | XOM: potion effect (haste)
 72634 | Slime:5  | XOM: cleaving
 72745 | Slime:5  | Got a vibrating bone ring
 72746 | Slime:5  | Identified the ring "Omit" {*Tele +Inv MR- Slay+3 SInv}
                  | (You found it on level 5 of the Pits of Slime)
 72776 | Slime:5  | Got a slimy rune of Zot
 72822 | Slime:5  | Got a brightly glowing bronze ring
 72823 | Slime:5  | Identified the ring of Xaocrys {*Slow rPois rN+ EV+4 Int+4}
                  | (You acquired it on level 5 of the Pits of Slime)
 73016 | Slime:5  | XOM: god gift: ration
 73029 | Slime:5  | Learned a level 5 spell: Summon Mana Viper
 73199 | Lair:1   | XOM: cloud trail
 74141 | Lair:3   | XOM: confuse monster(s)
 74192 | Lair:2   | XOM: god gift: 7 rations
 74325 | D:12     | XOM: give mutation
 74325 | D:12     | Gained mutation: Your flesh is cold resistant. (rC+) [Xom's
                  | grace]
 74496 | Zot:1    | Entered Level 1 of the Realm of Zot
 74564 | Depths:5 | XOM: god gift: scroll of holy word
 74619 | Zot:1    | XOM is BORED!
 74619 | Zot:1    | XOM: give mutations
 74619 | Zot:1    | Lost mutation: You expend magic power (3 MP) to strengthen
                  | your wands. [Xom's mischief]
 74619 | Zot:1    | Lost mutation: Armour fits poorly on your strangely shaped
                  | body. [Xom's mischief]
 74619 | Zot:1    | Lost mutation: You possess an exceptional clarity of mind.
                  | [Xom's mischief]
 74680 | Zot:1    | XOM: enchant monster (good)
 74681 | Zot:1    | XOM: divine lightning
 74740 | Zot:1    | XOM: summons 5 friendly demons
 74842 | Zot:1    | XOM: summons friendly white imp
 74858 | Zot:1    | XOM: confuse monster(s)
 74869 | Zot:1    | XOM: divination: detect items
 74961 | Zot:1    | Reached XP level 26. HP: 178/231 MP: 15/35
 75024 | Zot:1    | XOM: 1-stop teleportation journey
 75183 | Zot:1    | XOM: cast spell 'Leda's Liquefaction'
 75330 | Zot:1    | XOM: summons friendly crimson imp
 75335 | Zot:1    | XOM: divination: detect items
 75342 | Zot:1    | XOM: summons friendly white imp
 75693 | Zot:1    | XOM: divination: magic mapping
 75699 | Zot:1    | Reached skill level 10 in Evocations
 75897 | Zot:2    | XOM: potion effect (might)
 75902 | Zot:2    | XOM: scenery: create altars
 75908 | Zot:2    | XOM: cast spell 'Summon Horrible Things'
 76007 | Zot:2    | XOM: divination: magic mapping
 76022 | Zot:2    | XOM: harmless Summ miscast
 76071 | Zot:2    | XOM: silly message
 76182 | Zot:2    | XOM: harmless Summ miscast
 76424 | Zot:2    | XOM: harmless Conj miscast
 76774 | Zot:2    | XOM: divination: detect items
 76778 | Zot:2    | XOM: potion effect (brilliance)
 76918 | Zot:3    | XOM: harmless Ice miscast
 77117 | Zot:2    | XOM: silly message
 77181 | Zot:3    | XOM: chaos upgrade
 77184 | Zot:3    | You fall through a shaft!
 77185 | Zot:4    | ok
 77192 | Zot:4    | XOM: harmless Pois miscast
 77193 | Zot:4    | XOM: noise
 77211 | Zot:4    | XOM: smoke on damage
 77558 | Zot:4    | XOM: give mutations
 77558 | Zot:4    | Gained mutation: You are resistant to electric shocks.
                  | (rElec) [Xom's grace]
 77558 | Zot:4    | Gained mutation: You are somewhat resistant to further
                  | mutation. [Xom's grace]
 77666 | Zot:4    | XOM: polymorph ghost moth -> ice dragon
 77694 | Zot:3    | Found a glowing silver altar of Zin.
 77694 | Zot:3    | XOM: 10-stop teleportation journey
 77810 | Zot:3    | XOM: 2-stop teleportation journey
 77823 | Zot:3    | XOM: summons 16 friendly demons
 77829 | Zot:3    | XOM: 4-stop teleportation journey
 77930 | Zot:3    | XOM: cloud trail
 78107 | Zot:3    | XOM: fog
 78365 | Zot:3    | XOM: scenery: 7 doors open, 1 doors close
 78366 | Zot:3    | XOM: confuse monster(s)
 78415 | Zot:3    | XOM: cast spell 'Ring of Flames'
 78422 | Zot:3    | XOM: summons friendly hellwing
 78423 | Zot:3    | XOM: swap monsters
 78481 | Zot:3    | XOM: god gift: robe {god gift}
 78705 | Zot:3    | XOM: harmless Fire miscast
 78711 | Zot:3    | Reached XP level 27. HP: 219/244 MP: 33/35
 78962 | Zot:3    | XOM: harmless Tloc miscast
 78985 | Zot:3    | XOM: confusion
 79202 | Zot:3    | XOM: swap monsters
 79282 | Zot:3    | Identified Vehumet's Grimoire of Fire and Brimstone
 79295 | Zot:3    | Identified the Papyrus of the Zealot
 79646 | Zot:4    | XOM: summons 3 friendly demons
 79802 | Zot:4    | XOM: 3-stop teleportation journey
 79807 | Zot:4    | XOM: mild Necr miscast
 79900 | Zot:4    | XOM: medium Ice miscast
 79914 | Zot:4    | XOM: confusion
 80109 | Zot:4    | XOM: 4-stop teleportation journey
 80113 | Zot:4    | XOM: enchant monster (bad)
 80655 | Zot:4    | okay, xom, please don't kill me
 80656 | Zot:5    | Entered Level 5 of the Realm of Zot
 80715 | Zot:5    | XOM: blink monster(s)
 81030 | Zot:4    | XOM: cloud trail
 81268 | Zot:5    | XOM: polymorph mana viper -> glowing orange brain
 81277 | Zot:5    | Reached skill level 15 in Evocations
 81315 | Zot:5    | XOM: enchant monster (good)
 81444 | Zot:5    | XOM: 1-stop teleportation journey
 81768 | Zot:5    | XOM: mild Hex miscast
 81943 | Zot:5    | XOM: enchant monster (bad)
 81948 | Zot:5    | XOM: smoke on damage
 81963 | Zot:5    | Reached skill level 27 in Fighting
 81988 | Zot:5    | XOM: enchant monster (bad)
 82237 | Zot:5    | XOM: confuse monster(s)
 82257 | Zot:5    | Noticed an ancient lich
 82260 | Zot:5    | XOM: summons 7 friendly demons
 82264 | Zot:5    | Noticed an orb of fire
 82268 | Zot:5    | XOM: summons 4 friendly demons
 82282 | Zot:5    | XOM: scenery: create altars
 82284 | Zot:5    | XOM: confuse monster(s)
 82303 | Zot:5    | Killed an orb of fire
 82317 | Zot:5    | XOM: potion effect (curing)
 82318 | Zot:5    | XOM: enchant monster (good)
 82325 | Zot:5    | Noticed an orb of fire
 82337 | Zot:5    | XOM: scenery: create altars
 82339 | Zot:5    | Killed an orb of fire
 82371 | Zot:5    | XOM: summons 5 friendly demons
 82376 | Zot:5    | XOM: enchant monster (good)
 82377 | Zot:5    | XOM: summons friendly crimson imp
 82379 | Zot:5    | Killed an ancient lich
 82421 | Zot:5    | XOM: medium Chrm miscast
 82622 | Zot:5    | XOM: harmless Air miscast
 82662 | Zot:5    | XOM: summons 16 friendly demons
 82732 | Zot:5    | XOM: polymorph Orb Guardian -> quicksilver dragon
 82979 | Zot:5    | Noticed an ancient lich
 82985 | Zot:5    | XOM: noise
 82989 | Zot:5    | XOM: noise
 83000 | Zot:5    | XOM: potion effect (curing)
 83001 | Zot:5    | Killed an ancient lich
 83001 | Zot:5    | Reached skill level 27 in Dodging
 83004 | Zot:5    | Noticed an ancient lich
 83005 | Zot:5    | Noticed an orb of fire
 83008 | Zot:5    | XOM: cast spell 'Summon Ice Beast'
 83009 | Zot:5    | Noticed an ancient lich
 83015 | Zot:5    | Cast into level 3 of the Abyss (Killer Klown)
 83015 | Zot:5    | Escaped the Abyss
 83015 | Zot:5    | XOM: revert banishment
 83016 | Zot:5    | thanks xom
 83035 | Zot:4    | thank god that worked
 83111 | Zot:4    | XOM: give mutations
 83111 | Zot:4    | Gained mutation: You have a pair of antennae on your head.
                  | [Xom's grace]
 83111 | Zot:4    | Gained mutation: You have sharp fingernails. [Xom's grace]
 83124 | Zot:4    | XOM: scenery: 1 doors close
 83559 | Zot:5    | Cast into level 5 of the Abyss (Killer Klown)
 83559 | Abyss:5  | Entered Level 5 of the Abyss
 83559 | Abyss:5  | Entered Level 5 of the Abyss
 83677 | Abyss:5  | XOM: confuse monster(s)
 83705 | Abyss:5  | XOM: give mutations
 83705 | Abyss:5  | Lost mutation: You are weak. (Str -2) [Xom's grace]
 83705 | Abyss:5  | Gained mutation: You are somewhat resistant to both further
                  | mutation and mutation removal. [Xom's grace]
 83705 | Abyss:5  | Gained mutation: Your flesh is heat resistant. (rF+) [Xom's
                  | grace]
 83785 | Abyss:5  | XOM: enchant monster (good)
 83797 | Abyss:5  | XOM: divination: detect items
 83809 | Abyss:5  | XOM: potion effect (brilliance)
 83881 | Zot:5    | Escaped the Abyss
 83885 | Zot:5    | XOM: potion effect (heal wounds)
 83889 | Zot:5    | XOM: divination: magic mapping
 83899 | Zot:5    | XOM: noise
 83916 | Zot:5    | XOM: noise
 83928 | Zot:4    | XOM: harmless Tloc miscast
 83930 | Zot:4    | Killed an ancient lich
 84146 | Zot:5    | Killed an orb of fire
 84247 | Zot:5    | XOM: confusion (+ monsters)
 84280 | Zot:5    | Killed an ancient lich
 84282 | Zot:5    | XOM: noise
 84359 | Zot:5    | XOM: divination: detect items
 84372 | Zot:5    | XOM: divination: magic mapping
 84437 | Zot:5    | phew
 84461 | Zot:5    | Got the Orb of Zot
 84548 | Zot:2    | XOM: noise
 84625 | Depths:5 | Noticed Edor the pandemonium lord
 85067 | D:3      | XOM: harmless Ice miscast
 85097 | D:1      | gg
 85098 | D:$      | Escaped with the Orb!

Levels and vault maps discovered:
D:1:      psy_arrival_dodecagon, layout_basic, minmay_heptomino_h4
D:2:      minmay_alternating_diamond, layout_basic,
          grunt_dithmenos_smoke_and_mirrors
D:3:      layout_loops_ring
D:4:      layout_basic, xom_butterflies, temple_pool_b, gup_sewer_entry_glass,
          uniq_robin, uniq_grinder
D:5:      layout_basic, first_ration, serial_shops, kennysheep_little_box,
          hex_tiny
D:6:      layout_cave_pods
D:7:      minmay_razor_zed, layout_gridville, minmay_starry_boxes
D:8:      layout_basic, lair_entry_dummy
D:9:      layout_basic, orc_0_dummy, serial_ice, serial_ice_n, serial_ice_i,
          serial_ice_m, serial_ice_a, serial_ice_b, serial_shops, shop,
          hangedman_ranch [blue_anna_fruit_fields], lightli_fourway_metalbox
D:10:     layout_basic, lightli_orcish_oven
D:11:     layout_rooms
D:12:     layout_loops_cross, serial_shops, statue_bzr, grunt_ministairs_8,
          uniq_azrael
D:13:     layout_gridville, serial_shops, nicolae_shop_trees, minmay_holes
D:14:     kennysheep_ambush_hall, layout_layer_cave, david_vaults_4,
          grunt_decor_mini_mirrors, minmay_puff, uniq_snorg
D:15:     grunt_enter_depths_magical_seal, layout_cave_pods,
          portal_ice_cave_entry_pillars_1, uniq_rupert, uniq_kirke
Lair:1:   layout_regular_city, st_stairs_8, beast_lair_carwin_11
Lair:2:   layout_gridlike, nicolae_volcano_entry_lava_flow, lemuel_fruit_fields,
          uniq_nergalle
Lair:3:   layout_gridlike, minmay_snake_entry_guardpost_small
Lair:4:   layout_roguey, nicolae_swamp_entry_splash_gauntlet,
          kennysheep_snail_temple, serial_bayou_shore_b, grunt_megastairs_1
Lair:5:   layout_roguey, st_stairs_10, serial_bayou_shore_b,
          serial_bayou_shore_a
Lair:6:   minmay_lair_end_enchanted_forest, layout_regular_city, slime_dummy,
          minivault_24, serial_bayou_shore_b
Swamp:1:  layout_basic_swamp, ebering_ghost_xom, serial_swamp_ruin,
          evilmike_swamp_ruin_house_4, evilmike_swamp_ruin_house_1,
          evilmike_swamp_ruin_house_5, swamp_pool2, nicolae_swamp_baby_hydras,
          uniq_josephine, uniq_aizul, uniq_louise
Swamp:2:  layout_basic_swamp, nicolae_swamp_triple_paths
Swamp:3:  layout_falls_marsh, evilmike_swamp_ruin_house_6, swamp_pool3
Swamp:4:  swamp_basic_johnstein, layout_basic_swamp, uniq_nikola
Snake:1:  layout_layer_cave
Snake:2:  cheibrodos_snake_ritualist_ritual, layout_rooms, ebering_ghost_xom,
          serial_bayou_lagoon_b
Snake:3:  layout_concentric_octagons, basic_altar, serial_bayou_shore_b
Snake:4:  snake_pit_salamanders_mu, layout_basic
Slime:1:  layout_caves
Slime:2:  layout_caves, uniq_dissolution
Slime:3:  cheibrodos_slime_lost_civilization_8, layout_caves
Slime:4:  layout_caves
Slime:5
Orc:1:    layout_caves
Orc:2:    pf_orc_diabolical, layout_diamond_mine, basic_altar
Elf:1:    elf_arrival_002, layout_loops_cross, serial_shops, shop, minivault_28
Elf:2:    layout_loops_cross, serial_shops, shop_fountains
Elf:3:    grunt_elf_hall_spiral, layout_geoelf_diagonals
Vaults:1: nicolae_vaults_theta, nicolae_vaults_lopsided_apartments,
          vaults_room_semicircle, hangedman_vaults_maws,
          vaults_room_grunt_arrival_ludios, vaults_room_door_hall,
          vaults_room_grid, nicolae_vaults_yaktaur_gun_rack,
          layout_vaults_omnicross, serial_shops, shop
Vaults:2: minmay_crypt_entry_vampire_xt, nicolae_vaults_three_branches,
          vaults_room_pools, ontoclasm_vaults_spin,
          ontoclasm_vaults_loading_screen, nicolae_vaults_big_angled_halls,
          v_misc_31, grunt_vaults_bifocal, v_misc_30, nicolae_vaults_alarming,
          layout_vaults_omnibox, portal_desolation_entry_nicolae_nacl,
          uniq_sojobo, uniq_donald
Vaults:3: v_alt_pattern_6, v_misc_27, v_alt_pattern_2, vaults_room_fours,
          vaults_room_hallway, layout_vaults_omnigrid, serial_shops, shop,
          uniq_margery
Vaults:4: vaults_room_pools, ontoclasm_vaults_fault, v_rooms_3, v_pattern_1,
          ontoclasm_vaults_pinch, ontoclasm_vaults_tryst,
          nicolae_vaults_network_star, vaults_mumra_chevron,
          nicolae_vaults_ninety_degrees, layout_vaults_ring, serial_shops, shop,
          shop, nicolae_shop_overgrown_old_shop, nicolae_shop_behind_doors
Depths:1: layout_small_grid, grunt_pan_entry_spiral,
          nicolae_abyss_entry_one_way_or_another, hell_entry,
          minmay_the_grid_square_5x5_3x3_mashed [minmay_the_grid_square_5x5_v,
          minmay_the_grid_square_5x5_n, minmay_the_grid_square_5x5_dogpile,
          minmay_the_grid_square_5x5_three_walls,
          minmay_the_grid_square_5x5_megaprize_open,
          minmay_the_grid_square_5x5_broken_cross,
          minmay_the_grid_square_5x5_six_small,
          minmay_the_grid_square_5x5_fat_x, minmay_the_grid_square_5x5_corner],
          serial_bayou_shore_b, grunt_megastairs_2, uniq_saint_roka
Depths:2: minmay_spriggan_fort, layout_cave_pools, pf_coc_iceberg,
          minmay_misc_feat_roman, serial_shops, kennysheep_mini_moat,
          minmay_misc_feat_hallway, minmay_shoptagon, uniq_mara
Depths:3: onia_ninara_swampy_vault, layout_twisted_cross, hell_entry,
          rand_demon_pan_entry_7, hangedman_decor_growths
Depths:4: due_jory_tower, layout_basic, enter_ziggurat_d, minmay_misc_feat_chi,
          abyss_entry, hell_entry, uniq_xtahua, uniq_jory
Depths:5: evilmike_zot_entry_basic, layout_cave_shapes, abyss_entry_crystal,
          hell_entry, hangedman_decor_cross_pass
Zot:1:    layout_onion
Zot:2:    layout_twisted_circle
Zot:3:    nicolae_zot_draconian_monastery, layout_gridlike, zot_minivault_3
Zot:4:    layout_gridlike
Zot:5:    layout_twisted_circle, bh_zot_levy_curve

Skill      XL: |  1  2  3  4  5  6  7  8  9 10 11 12 13 14 15 16 17 18 19 20 21 22 23 24 25 26 27 |
---------------+----------------------------------------------------------------------------------+-----
Dodging        | 3 4 5 7 9 10 11 13 14 16 17 18 19 20 22 24 27 | 27.0
Polearms       | 5 6 7 8 10 11 13 14 16 18 20 24 26 | 26.0
Fighting       | 4 5 6 8 9 10 11 12 14 15 16 18 19 21 24 25 27 | 27.0
Evocations     | 2 5 6 8 9 13 15 | 15.0
Spellcasting   | 2 4 5 6 8 |  8.0
Hexes          | 5 9 10 11 12 13 14 15 | 15.0
Armour         | 3 9 11 13 | 13.4
Charms         | 3 8 11 13 | 13.0
Air Magic      | 2 6 9 10 | 10.3
Summonings     | 4 5 |  5.0

Action                   |  1- 3 |  4- 6 |  7- 9 | 10-12 | 13-15 | 16-18 | 19-21 | 22-24 | 25-27 || total
-------------------------+-------+-------+-------+-------+-------+-------+-------+-------+-------++-------
Melee: Spear             |   157 |   140 |   562 |    76 |       |       |       |       |       ||   935
       Tailslap          |       |       |    10 |       |     4 |    47 |       |     1 |     4 ||    66
       Unarmed           |       |       |     6 |       |       |       |       |       |       ||     6
       Trident           |       |       |       |   935 |       |       |       |       |       ||   935
       Glaive            |       |       |       |   141 |  1716 |   493 |       |       |       ||  2350
       Bardiche          |       |       |       |       |       |  1098 |  1396 |  2017 |  2231 ||  6742
 Cast: Confuse           |       |       |       |     8 |    36 |    41 |     9 |     4 |       ||    98
       Cause Fear        |       |       |       |       |       |     3 |     4 |     4 |       ||    11
       Tukima's Dance    |       |       |       |       |       |       |    11 |       |       ||    11
       Deflect Missiles  |       |       |       |       |       |       |       |     6 |     8 ||    14
       Summon Lightning  |       |       |       |       |       |       |       |     2 |     7 ||     9
       Invisibility      |       |       |       |       |       |       |       |     2 |    17 ||    19
       Summon Mana Viper |       |       |       |       |       |       |       |       |    38 ||    38
       Swiftness         |       |       |       |       |       |       |       |       |     1 ||     1
 Abil: Evoke Berserk Rag |       |       |       |     2 |       |       |     2 |       |       ||     4
       Evoke Blink       |       |       |       |       |       |    10 |       |       |       ||    10
Evoke: Wand              |       |       |       |     5 |     6 |     5 |    22 |     1 |    13 ||    52
       Lamp of fire      |       |       |       |       |       |       |     1 |       |       ||     1
  Use: Scroll            |     2 |     8 |     5 |     9 |    13 |    21 |     9 |    10 |    26 ||   103
       Potion            |       |       |     1 |     2 |     9 |     4 |     9 |     2 |    18 ||    45
 Stab: Paralysed         |     1 |       |     6 |    11 |     1 |     3 |     1 |     2 |       ||    25
       Sleeping          |     1 |     1 |     6 |    23 |    13 |     7 |     3 |     4 |     2 ||    60
       Confused          |       |     3 |     4 |    12 |    43 |    34 |     9 |    21 |    13 ||   139
       Petrifying        |       |     1 |     3 |     3 |     1 |     3 |     1 |     4 |       ||    16
       Petrified         |       |       |     6 |     4 |    11 |     3 |     2 |     1 |       ||    27
       Distracted        |       |       |     2 |     6 |     7 |     7 |     4 |     4 |    16 ||    46
       Invisible         |       |       |       |    46 |       |       |    11 |    30 |   162 ||   249
       Fleeing           |       |       |       |       |       |       |       |     1 |       ||     1
       Betrayed ally     |       |       |       |       |       |       |       |       |     1 ||     1
  Eat: Chunk             |     2 |     4 |     9 |    29 |    38 |    29 |    27 |    32 |    36 ||   206
       Ration            |       |       |     2 |     2 |     4 |     5 |     5 |     5 |    10 ||    33
Armor: Leather armour    |    38 |    14 |    32 |     9 |       |       |       |       |       ||    93
       Skin              |       |       |     6 |       |       |       |       |    26 |       ||    32
       Robe              |       |       |    13 |    27 |    63 |       |    94 |       |       ||   197
       Troll leather arm |       |       |       |       |   121 |   225 |    85 |       |       ||   431
       Ring mail         |       |       |       |       |       |       |   106 |   268 |       ||   374
       Swamp dragon scal |       |       |       |       |       |       |       |   130 |   438 ||   568
       Acid dragon scale |       |       |       |       |       |       |       |       |    86 ||    86
Dodge: Dodged            |    62 |    35 |   279 |   753 |  1455 |  1584 |  1072 |  1986 |  1863 ||  9089
       Deflected         |       |       |       |       |       |       |       |    33 |    94 ||   127
Block: Other             |       |       |       |       |       |       |       |   183 |   220 ||   403

Table legend:
 A = Non-vault XP
 B = Vault XP
 C = Vault XP percentage of total XP
 D = Non-vault monster count
 E = Vault monster count
 F = Vault count percentage of total count
                 A         B        C        D         E       F
            +---------+---------+-------+---------+---------+-------
      Total |  889831 |  685600 |  43.5 |    1623 |     878 |  35.1
            +---------+---------+-------+---------+---------+-------
        D:1 |      28 |       3 |   9.7 |      12 |       2 |  14.3
        D:2 |      50 |      24 |  32.4 |      21 |       5 |  19.2
        D:3 |     222 |       0 |   0.0 |      23 |       0 |   0.0
        D:4 |     352 |     311 |  46.9 |      15 |       9 |  37.5
        D:5 |     127 |       0 |   0.0 |       8 |       0 |   0.0
        D:6 |    1020 |       0 |   0.0 |      27 |       0 |   0.0
        D:7 |    2340 |    1055 |  31.1 |      32 |      17 |  34.7
        D:8 |    1526 |       0 |   0.0 |      21 |       0 |   0.0
        D:9 |    1722 |    3682 |  68.1 |      27 |      24 |  47.1
       D:10 |    3488 |     156 |   4.3 |      22 |       6 |  21.4
       D:11 |    5475 |       0 |   0.0 |      47 |       0 |   0.0
       D:12 |    5725 |    1298 |  18.5 |      30 |       7 |  18.9
       D:13 |    2944 |       0 |   0.0 |      18 |       0 |   0.0
       D:14 |   12293 |    6115 |  33.2 |      31 |      16 |  34.0
       D:15 |    7998 |   14585 |  64.6 |      11 |      20 |  64.5
     Lair:1 |    3151 |     698 |  18.1 |      17 |       3 |  15.0
     Lair:2 |    2420 |     812 |  25.1 |      13 |       1 |   7.1
     Lair:3 |    6529 |    2315 |  26.2 |      31 |       5 |  13.9
     Lair:4 |    8001 |    3465 |  30.2 |      34 |      10 |  22.7
     Lair:5 |    1699 |    1711 |  50.2 |       8 |       4 |  33.3
     Lair:6 |   11754 |    8002 |  40.5 |      39 |      45 |  53.6
    Swamp:1 |   11487 |    9900 |  46.3 |      36 |      12 |  25.0
    Swamp:2 |   12928 |       0 |   0.0 |      34 |       0 |   0.0
    Swamp:3 |   18279 |       0 |   0.0 |      44 |       0 |   0.0
    Swamp:4 |   19246 |   24231 |  55.7 |      49 |      32 |  39.5
    Snake:1 |    7261 |       0 |   0.0 |      22 |       0 |   0.0
    Snake:2 |    9937 |    2583 |  20.6 |      25 |       5 |  16.7
    Snake:3 |   15476 |       0 |   0.0 |      28 |       0 |   0.0
    Snake:4 |   18652 |   47874 |  72.0 |      28 |      68 |  70.8
    Slime:1 |    1964 |       0 |   0.0 |       2 |       0 |   0.0
    Slime:2 |    8859 |       0 |   0.0 |      17 |       0 |   0.0
    Slime:3 |    7977 |       0 |   0.0 |       6 |       0 |   0.0
    Slime:4 |   14018 |       0 |   0.0 |      29 |       0 |   0.0
    Slime:5 |   14747 |   30493 |  67.4 |      22 |      11 |  33.3
      Orc:1 |    1844 |       0 |   0.0 |      15 |       0 |   0.0
      Orc:2 |    4774 |   18192 |  79.2 |      41 |      66 |  61.7
      Elf:1 |   20557 |   10788 |  34.4 |      31 |      16 |  34.0
      Elf:2 |   34643 |   23080 |  40.0 |      50 |      30 |  37.5
      Elf:3 |   10311 |   42479 |  80.5 |      16 |      30 |  65.2
   Vaults:1 |   22791 |   14657 |  39.1 |      42 |      19 |  31.1
   Vaults:2 |   21346 |   25926 |  54.8 |      46 |      28 |  37.8
   Vaults:3 |   34655 |   25996 |  42.9 |      62 |      31 |  33.3
   Vaults:4 |   40896 |   15380 |  27.3 |      64 |      21 |  24.7
   Depths:1 |   40670 |   41815 |  50.7 |      57 |      53 |  48.2
   Depths:2 |   47046 |   18315 |  28.0 |      55 |      27 |  32.9
   Depths:3 |   25215 |   13948 |  35.6 |      30 |      19 |  38.8
   Depths:4 |   15451 |   31138 |  66.8 |      23 |      45 |  66.2
   Depths:5 |   43202 |   12901 |  23.0 |      50 |       8 |  13.8
      Zot:1 |   57234 |       0 |   0.0 |      44 |       0 |   0.0
      Zot:2 |   58787 |       0 |   0.0 |      35 |       0 |   0.0
      Zot:3 |   34508 |   53723 |  60.9 |      20 |      33 |  62.3
      Zot:4 |   48207 |   14782 |  23.5 |      26 |       3 |  10.3
      Zot:5 |   71016 |  146689 |  67.4 |      52 |      38 |  42.2
    Abyss:5 |   16983 |    2388 |  12.3 |      35 |       5 |  12.5
      Sewer |       0 |     242 | 100.0 |       0 |      48 | 100.0
      IceCv |       0 |   11468 | 100.0 |       0 |      50 | 100.0
    Volcano |       0 |    2380 | 100.0 |       0 |       6 | 100.0
            +---------+---------+-------+---------+---------+-------
